Workbook

Sheet Capa
B11: Inserir Nome da Empresa
A19: ORÇAMENTO PARA ELABORAÇÃO DE PROJETOS DE SISTEMA DE TRATAMENTO DE ESGOTO SANITÁRIO DE PEQUENO PORTE
B25: CBH-DOCE
B30: Rio Piracicaba/Minas Gerais
B32: Pequena comunidade isolada: Buraco dos Coelhos
B36: Inserir nome do responsável pela proposta
B37: Inserir nº do CREA
B38: Inserir nº da ART
C51: Inserir a data

Sheet Orç_20-30
A10: GOVERNO DO ESTADO DO RIO DE JANEIRO
A11: SECRETARIA DE ESTADO DO AMBIENTE - SEA
B13: Planilha Orçamentária | G13: I0 = AGO/2011
A14: Projeto: ELABORAÇÃO DE PLANO MUNICIPAL DE SANEAMENTO NAS MODALIDADES ÁGUA, ESGOTO E DRENAGEM URBANA PARA MUNICÍPIOS COM POPULAÇÃO ATÉ 15 MIL HABITANTES
A15: ITEM | B15: DESCRIÇÃO | C15: Código | D15: Unid. | E15: Quant. | F15: Preço unit. | G15: Custo total
F16: EMOP JUL/11
A17: 0 | B17: Supervisão e Suporte | G17: =SUM(G18:G20) -> #REF! | I17: h/mês | J17: nº meses | K17: nº prof.
A18: 0.1 | B18: =IF(C18="","",VLOOKUP(C18,#REF!,2,FALSE)) -> #REF! | C18: 05.105.034-0 | D18: h | E18: =I18*J18*K18 -> 240 | F18: =IF(C18="","",VLOOKUP(C18,#REF!,2,FALSE)) -> #REF! | G18: =E18*F18 -> #REF! | I18: 40 | J18: 6 | K18: 1
A19: 0.2 | B19: =IF(C19="","",VLOOKUP(C19,#REF!,2,FALSE)) -> #REF! | C19: 05.105.038-0 | D19: h | E19: =I19*J19*K19 -> 960 | F19: =IF(C19="","",VLOOKUP(C19,#REF!,2,FALSE)) -> #REF! | G19: =E19*F19 -> #REF! | I19: 160 | J19: 6 | K19: 1
A20: 0.3 | B20: =IF(C20="","",VLOOKUP(C20,#REF!,2,FALSE)) -> #REF! | C20: 05.105.041-0 | D20: h | E20: =I20*J20*K20 -> 960 | F20: =IF(C20="","",VLOOKUP(C20,#REF!,2,FALSE)) -> #REF! | G20: =E20*F20 -> #REF! | I20: 160 | J20: 6 | K20: 1
A21: 1 | B21: Plano de Trabalho (P1) e Projeto de Comunicação e Mobilização Social (P2) | G21: =SUM(G22:G29) -> #REF! | L21: 1 | M21: P1 + P2
A22: 1.1 | B22: MÃO-DE-OBRA DE ADVOGADO OU ASSESSOR JURÍDICO | D22: h | E22: =I22*J22*K22 -> 40 | F22: 53.9 | G22: =E22*F22 -> 2156 | I22: 40 | J22: 1 | K22: 1 | N22: 3719.74 | O22: =N22/160 -> 23.248375 | P22: =O22+O22*1.14 -> 49.751522
A23: 1.2 | B23: MÃO-DE-OBRA DE ASSISTENTE SOCIAL | D23: h | E23: =I23*J23*K23 -> 160 | F23: 53.9 | G23: =E23*F23 -> 8624 | I23: 160 | J23: 1 | K23: 1 | N23: 2076 | O23: =N23/160 -> 12.975 | P23: =O23+O23*1.14 -> 27.7665
A24: 1.3 | B24: MÃO-DE-OBRA DE ECONOMISTA | D24: h | E24: =I24*J24*K24 -> 0 | F24: 53.9 | G24: =E24*F24 -> 0 | I24: 160 | J24: 1 | K24: 0 | P24: 50
A25: 1.4 | B25: =IF(C25="","",VLOOKUP(C25,#REF!,2,FALSE)) -> #REF! | C25: 05.105.033-0 | D25: h | E25: =I25*J25*K25 -> 80 | F25: =IF(C25="","",VLOOKUP(C25,#REF!,2,FALSE)) -> #REF! | G25: =E25*F25 -> #REF! | I25: 80 | J25: 1 | K25: 1
A26: 1.5 | B26: =IF(C26="","",VLOOKUP(C26,#REF!,2,FALSE)) -> #REF! | C26: 05.105.032-0 | D26: h | E26: =I26*J26*K26 -> 160 | F26: =IF(C26="","",VLOOKUP(C26,#REF!,2,FALSE)) -> #REF! | G26: =E26*F26 -> #REF! | I26: 160 | J26: 1 | K26: 1
A27: 1.6 | B27: =IF(C27="","",VLOOKUP(C27,#REF!,2,FALSE)) -> #REF! | C27: 05.105.026-0 | D27: h | E27: =I27*J27*K27 -> 0 | F27: =IF(C27="","",VLOOKUP(C27,#REF!,2,FALSE)) -> #REF! | G27: =E27*F27 -> #REF! | I27: 160 | J27: 1 | K27: 0
A28: 1.7 | B28: =IF(C28="","",VLOOKUP(C28,#REF!,2,FALSE)) -> #REF! | C28: 05.105.035-0 | D28: h | E28: =I28*J28*K28 -> 0 | F28: =IF(C28="","",VLOOKUP(C28,#REF!,2,FALSE)) -> #REF! | G28: =E28*F28 -> #REF! | I28: 160 | J28: 1 | K28: 0
A29: 1.8 | B29: =IF(C29="","",VLOOKUP(C29,#REF!,2,FALSE)) -> #REF! | C29: 05.105.025-0 | E29: =I29*J29*K29 -> 0 | F29: =IF(C29="","",VLOOKUP(C29,#REF!,2,FALSE)) -> #REF! | G29: =E29*F29 -> #REF! | I29: 160 | J29: 1 | K29: 0
A30: 2 | B30: Caracterização do Município (P3) | G30: =SUM(G31:G39) -> #REF! | L30: 1 | M30: P3
A31: 2.1 | B31: MÃO-DE-OBRA DE ADVOGADO OU ASSESSOR JURÍDICO | D31: h | E31: =I31*J31*K31 -> 40 | F31: 53.9 | G31: =E31*F31 -> 2156 | I31: 40 | J31: 1 | K31: 1
A32: 2.2 | B32: MÃO-DE-OBRA DE ASSISTENTE SOCIAL | D32: h | E32: =I32*J32*K32 -> 40 | F32: 53.9 | G32: =E32*F32 -> 2156 | I32: 40 | J32: 1 | K32: 1
A33: 2.3 | B33: MÃO-DE-OBRA DE ECONOMISTA | D33: h | E33: =I33*J33*K33 -> 40 | F33: 53.9 | G33: =E33*F33 -> 2156 | I33: 40 | J33: 1 | K33: 1
A34: 2.4 | B34: =IF(C34="","",VLOOKUP(C34,#REF!,2,FALSE)) -> #REF! | C34: 05.105.033-0 | D34: h | E34: =I34*J34*K34 -> 40 | F34: =IF(C34="","",VLOOKUP(C34,#REF!,2,FALSE)) -> #REF! | G34: =E34*F34 -> #REF! | I34: 40 | J34: 1 | K34: 1
A35: 2.5 | B35: =IF(C35="","",VLOOKUP(C35,#REF!,2,FALSE)) -> #REF! | C35: 05.105.032-0 | D35: h | E35: =I35*J35*K35 -> 80 | F35: =IF(C35="","",VLOOKUP(C35,#REF!,2,FALSE)) -> #REF! | G35: =E35*F35 -> #REF! | I35: 80 | J35: 1 | K35: 1
A36: 2.6 | B36: =IF(C36="","",VLOOKUP(C36,#REF!,2,FALSE)) -> #REF! | C36: 05.105.026-0 | D36: h | E36: =I36*J36*K36 -> 0 | F36: =IF(C36="","",VLOOKUP(C36,#REF!,2,FALSE)) -> #REF! | G36: =E36*F36 -> #REF! | I36: 0 | J36: 1 | K36: 1
A37: 2.7 | B37: =IF(C37="","",VLOOKUP(C37,#REF!,2,FALSE)) -> #REF! | C37: 05.105.035-0 | D37: h | E37: =I37*J37*K37 -> 40 | F37: =IF(C37="","",VLOOKUP(C37,#REF!,2,FALSE)) -> #REF! | G37: =E37*F37 -> #REF! | I37: 40 | J37: 1 | K37: 1
A38: 2.8 | B38: =IF(C38="","",VLOOKUP(C38,#REF!,2,FALSE)) -> #REF! | C38: 05.105.025-0 | E38: =I38*J38*K38 -> 80 | F38: =IF(C38="","",VLOOKUP(C38,#REF!,2,FALSE)) -> #REF! | G38: =E38*F38 -> #REF! | I38: 80 | J38: 1 | K38: 1
A39: 2.9 | B39: =IF(C39="","",VLOOKUP(C39,#REF!,2,FALSE)) -> #REF! | C39: 19.004.042-2 | E39: =I39*J39*K39 -> 40 | F39: =IF(C39="","",VLOOKUP(C39,#REF!,2,FALSE)) -> #REF! | G39: =E39*F39 -> #REF! | I39: 40 | J39: 1 | K39: 1
A40: 3 | B40: Diagnóstico dos Serviços de Abastecimento de Água Potável (P4), Esgotamento Sanitário e Drenagem Pluvial Urbana (P5) | G40: =SUM(G41:G50) -> #REF! | L40: 1 | M40: P4
A41: 3.1 | B41: MÃO-DE-OBRA DE ADVOGADO OU ASSESSOR JURÍDICO | D41: h | E41: =I41*J41*K41 -> 40 | F41: 53.9 | G41: =E41*F41 -> 2156 | I41: 40 | J41: 1 | K41: 1
A42: 3.2 | B42: MÃO-DE-OBRA DE ASSISTENTE SOCIAL | D42: h | E42: =I42*J42*K42 -> 40 | F42: 53.9 | G42: =E42*F42 -> 2156 | I42: 40 | J42: 1 | K42: 1
A43: 3.3 | B43: MÃO-DE-OBRA DE ECONOMISTA | D43: h | E43: =I43*J43*K43 -> 40 | F43: 53.9 | G43: =E43*F43 -> 2156 | I43: 40 | J43: 1 | K43: 1
A44: 3.4 | B44: =IF(C44="","",VLOOKUP(C44,#REF!,2,FALSE)) -> #REF! | C44: 05.105.033-0 | D44: h | E44: =I44*J44*K44 -> 160 | F44: =IF(C44="","",VLOOKUP(C44,#REF!,2,FALSE)) -> #REF! | G44: =E44*F44 -> #REF! | I44: 160 | J44: 1 | K44: 1
A45: 3.5 | B45: =IF(C45="","",VLOOKUP(C45,#REF!,2,FALSE)) -> #REF! | C45: 05.105.032-0 | D45: h | E45: =I45*J45*K45 -> 320 | F45: =IF(C45="","",VLOOKUP(C45,#REF!,2,FALSE)) -> #REF! | G45: =E45*F45 -> #REF! | I45: 160 | J45: 1 | K45: 2
A46: 3.6 | B46: =IF(C46="","",VLOOKUP(C46,#REF!,2,FALSE)) -> #REF! | C46: 05.105.050-0 | D46: h | E46: =I46*J46*K46 -> 160 | F46: =IF(C46="","",VLOOKUP(C46,#REF!,2,FALSE)) -> #REF! | G46: =E46*F46 -> #REF! | I46: 160 | J46: 1 | K46: 1
A47: 3.7 | B47: =IF(C47="","",VLOOKUP(C47,#REF!,2,FALSE)) -> #REF! | C47: 05.105.026-0 | D47: h | E47: =I47*J47*K47 -> 160 | F47: =IF(C47="","",VLOOKUP(C47,#REF!,2,FALSE)) -> #REF! | G47: =E47*F47 -> #REF! | I47: 160 | J47: 1 | K47: 1
A48: 3.8 | B48: =IF(C48="","",VLOOKUP(C48,#REF!,2,FALSE)) -> #REF! | C48: 05.105.035-0 | D48: h | E48: =I48*J48*K48 -> 80 | F48: =IF(C48="","",VLOOKUP(C48,#REF!,2,FALSE)) -> #REF! | G48: =E48*F48 -> #REF! | I48: 80 | J48: 1 | K48: 1
A49: 3.9 | B49: =IF(C49="","",VLOOKUP(C49,#REF!,2,FALSE)) -> #REF! | C49: 05.105.025-0 | E49: =I49*J49*K49 -> 160 | F49: =IF(C49="","",VLOOKUP(C49,#REF!,2,FALSE)) -> #REF! | G49: =E49*F49 -> #REF! | I49: 160 | J49: 1 | K49: 1
A50: 3.10 | B50: =IF(C50="","",VLOOKUP(C50,#REF!,2,FALSE)) -> #REF! | C50: 19.004.042-2 | E50: =I50*J50*K50 -> 160 | F50: =IF(C50="","",VLOOKUP(C50,#REF!,2,FALSE)) -> #REF! | G50: =E50*F50 -> #REF! | I50: 160 | J50: 1 | K50: 1
A51: 4 | B51: Proposição de Arranjos Institucionais, Jurídicos e Econômico-Financeiros (P6), Sistemas de Abastecimento de Água (P7), Sistemas de Esgotamento Sanitário e Drenagem Pluvial Urbana (P8) | G51: =SUM(G52:G61) -> #REF! | L51: 1 | M51: P6
A52: 4.1 | B52: MÃO-DE-OBRA DE ADVOGADO OU ASSESSOR JURÍDICO | D52: h | E52: =I52*J52*K52 -> 80 | F52: 53.9 | G52: =E52*F52 -> 4312 | I52: 80 | J52: 1 | K52: 1 | M52: 40 | N52: 1 | O52: 1
A53: 4.2 | B53: MÃO-DE-OBRA DE ASSISTENTE SOCIAL | D53: h | E53: =I53*J53*K53 -> 20 | F53: 53.9 | G53: =E53*F53 -> 1078 | I53: 20 | J53: 1 | K53: 1 | M53: 20 | N53: 1 | O53: 1
A54: 4.3 | B54: MÃO-DE-OBRA DE ECONOMISTA | D54: h | E54: =I54*J54*K54 -> 80 | F54: 53.9 | G54: =E54*F54 -> 4312 | I54: 80 | J54: 1 | K54: 1 | M54: 40 | N54: 1 | O54: 1
A55: 4.4 | B55: =IF(C55="","",VLOOKUP(C55,#REF!,2,FALSE)) -> #REF! | C55: 05.105.033-0 | D55: h | E55: =I55*J55*K55 -> 160 | F55: =IF(C55="","",VLOOKUP(C55,#REF!,2,FALSE)) -> #REF! | G55: =E55*F55 -> #REF! | I55: 160 | J55: 1 | K55: 1 | M55: 80 | N55: 1 | O55: 1
A56: 4.5 | B56: =IF(C56="","",VLOOKUP(C56,#REF!,2,FALSE)) -> #REF! | C56: 05.105.032-0 | D56: h | E56: =I56*J56*K56 -> 320 | F56: =IF(C56="","",VLOOKUP(C56,#REF!,2,FALSE)) -> #REF! | G56: =E56*F56 -> #REF! | I56: 160 | J56: 1 | K56: 2 | M56: 160 | N56: 1 | O56: 2
A57: 4.6 | B57: =IF(C57="","",VLOOKUP(C57,#REF!,2,FALSE)) -> #REF! | C57: 05.105.050-0 | D57: h | E57: =I57*J57*K57 -> 0 | F57: =IF(C57="","",VLOOKUP(C57,#REF!,2,FALSE)) -> #REF! | G57: =E57*F57 -> #REF! | I57: 160 | J57: 1 | K57: 0 | M57: 160 | N57: 1 | O57: 0
A58: 4.7 | B58: =IF(C58="","",VLOOKUP(C58,#REF!,2,FALSE)) -> #REF! | C58: 05.105.026-0 | D58: h | E58: =I58*J58*K58 -> 160 | F58: =IF(C58="","",VLOOKUP(C58,#REF!,2,FALSE)) -> #REF! | G58: =E58*F58 -> #REF! | I58: 160 | J58: 1 | K58: 1 | M58: 160 | N58: 1 | O58: 1
A59: 4.8 | B59: =IF(C59="","",VLOOKUP(C59,#REF!,2,FALSE)) -> #REF! | C59: 05.105.035-0 | D59: h | E59: =I59*J59*K59 -> 160 | F59: =IF(C59="","",VLOOKUP(C59,#REF!,2,FALSE)) -> #REF! | G59: =E59*F59 -> #REF! | I59: 160 | J59: 1 | K59: 1 | M59: 80 | N59: 1 | O59: 1
A60: 4.9 | B60: =IF(C60="","",VLOOKUP(C60,#REF!,2,FALSE)) -> #REF! | C60: 05.105.025-0 | E60: =I60*J60*K60 -> 160 | F60: =IF(C60="","",VLOOKUP(C60,#REF!,2,FALSE)) -> #REF! | G60: =E60*F60 -> #REF! | I60: 160 | J60: 1 | K60: 1 | M60: 160 | N60: 1 | O60: 1
A61: 4.10 | B61: =IF(C61="","",VLOOKUP(C61,#REF!,2,FALSE)) -> #REF! | C61: 19.004.042-2 | E61: =I61*J61*K61 -> 160 | F61: =IF(C61="","",VLOOKUP(C61,#REF!,2,FALSE)) -> #REF! | G61: =E61*F61 -> #REF! | I61: 160 | J61: 1 | K61: 1 | M61: 40 | N61: 1 | O61: 1
A62: 5 | B62: Versão Preliminar do Plano (P9) | G62: =SUM(G63:G70) -> #REF! | L62: 1 | M62: P9
A63: 5.1 | B63: MÃO-DE-OBRA DE ADVOGADO OU ASSESSOR JURÍDICO | D63: h | E63: =I63*J63*K63 -> 0 | F63: 53.9 | G63: =E63*F63 -> 0 | I63: 160 | J63: 1 | K63: 0
A64: 5.2 | B64: MÃO-DE-OBRA DE ASSISTENTE SOCIAL | D64: h | E64: =I64*J64*K64 -> 20 | F64: 53.9 | G64: =E64*F64 -> 1078 | I64: 20 | J64: 1 | K64: 1
A65: 5.3 | B65: MÃO-DE-OBRA DE ECONOMISTA | D65: h | E65: =I65*J65*K65 -> 0 | F65: 53.9 | G65: =E65*F65 -> 0 | I65: 160 | J65: 1 | K65: 0
A66: 5.4 | B66: =IF(C66="","",VLOOKUP(C66,#REF!,2,FALSE)) -> #REF! | C66: 05.105.033-0 | D66: h | E66: =I66*J66*K66 -> 40 | F66: =IF(C66="","",VLOOKUP(C66,#REF!,2,FALSE)) -> #REF! | G66: =E66*F66 -> #REF! | I66: 40 | J66: 1 | K66: 1
A67: 5.5 | B67: =IF(C67="","",VLOOKUP(C67,#REF!,2,FALSE)) -> #REF! | C67: 05.105.032-0 | D67: h | E67: =I67*J67*K67 -> 160 | F67: =IF(C67="","",VLOOKUP(C67,#REF!,2,FALSE)) -> #REF! | G67: =E67*F67 -> #REF! | I67: 160 | J67: 1 | K67: 1
A68: 5.6 | B68: =IF(C68="","",VLOOKUP(C68,#REF!,2,FALSE)) -> #REF! | C68: 05.105.026-0 | D68: h | E68: =I68*J68*K68 -> 0 | F68: =IF(C68="","",VLOOKUP(C68,#REF!,2,FALSE)) -> #REF! | G68: =E68*F68 -> #REF! | I68: 160 | J68: 1 | K68: 0
A69: 5.7 | B69: =IF(C69="","",VLOOKUP(C69,#REF!,2,FALSE)) -> #REF! | C69: 05.105.035-0 | D69: h | E69: =I69*J69*K69 -> 0 | F69: =IF(C69="","",VLOOKUP(C69,#REF!,2,FALSE)) -> #REF! | G69: =E69*F69 -> #REF! | I69: 160 | J69: 1 | K69: 0
A70: 5.8 | B70: =IF(C70="","",VLOOKUP(C70,#REF!,2,FALSE)) -> #REF! | C70: 05.105.025-0 | D70: h | E70: =I70*J70*K70 -> 0 | F70: =IF(C70="","",VLOOKUP(C70,#REF!,2,FALSE)) -> #REF! | G70: =E70*F70 -> #REF! | I70: 160 | J70: 1 | K70: 0
A71: 6 | B71: Versão Final do Plano (P10) e Banco de Dados (P11) | G71: =SUM(G72:G76) -> #REF! | L71: 1 | M71: P10 | N71: P11
A72: 6.1 | B72: =IF(C72="","",VLOOKUP(C72,#REF!,2,FALSE)) -> #REF! | C72: 05.105.033-0 | D72: h | E72: =I72*J72*K72 -> 40 | F72: =IF(C72="","",VLOOKUP(C72,#REF!,2,FALSE)) -> #REF! | G72: =E72*F72 -> #REF! | I72: 40 | J72: 1 | K72: 1
A73: 6.2 | B73: =IF(C73="","",VLOOKUP(C73,#REF!,2,FALSE)) -> #REF! | C73: 05.105.032-0 | D73: h | E73: =I73*J73*K73 -> 160 | F73: =IF(C73="","",VLOOKUP(C73,#REF!,2,FALSE)) -> #REF! | G73: =E73*F73 -> #REF! | I73: 160 | J73: 1 | K73: 1
A74: 6.3 | B74: =IF(C74="","",VLOOKUP(C74,#REF!,2,FALSE)) -> #REF! | C74: 05.105.026-0 | D74: h | E74: =I74*J74*K74 -> 0 | F74: =IF(C74="","",VLOOKUP(C74,#REF!,2,FALSE)) -> #REF! | G74: =E74*F74 -> #REF! | I74: 160 | J74: 1 | K74: 0
A75: 6.4 | B75: MAO-DE-OBRA DE TÉCNICO DE GEOPROCESSAMENTO | D75: h | E75: =I75*J75*K75 -> 160 | F75: 53.9 | G75: =E75*F75 -> 8624 | I75: 160 | J75: 1 | K75: 1
A76: 6.5 | B76: =IF(C76="","",VLOOKUP(C76,#REF!,2,FALSE)) -> #REF! | C76: 19.004.042-2 | D76: h | E76: =I76*J76*K76 -> 40 | F76: =IF(C76="","",VLOOKUP(C76,#REF!,2,FALSE)) -> #REF! | G76: =E76*F76 -> #REF! | I76: 40 | J76: 1 | K76: 1
A77: Sub total Planos Municipais de Saneamento | G77: =((G17/10)*9)+SUM(G21,G30,G40,#REF!,G51,#REF!,#REF!,G62,G71) -> #REF!
A78: Sub total Planos Municipais de Saneamento (c/ BDI 16%) | G78: =G77*1.16 -> #REF!
L79: =SUM(L21:L78) -> 6 | M79: meses
B80: TOTAL | G80: =SUM(G71,G62,G51,,G40,G30,G21,G17) -> #REF!
B81: BDI (8%) | G81: =G80*0.08 -> #REF!
B82: TOTAL GERAL | G82: =SUM(G80:G81) -> #REF!

Sheet Crono_20-30
A9: CRONOGRAMA FÍSICO-FINANCEIRO
A10: Projeto: ELABORAÇÃO DE PLANO MUNICIPAL DE SANEAMENTO NAS MODALIDADES ÁGUA, ESGOTO E DRENAGEM URBANA, PARA MUNICÍPIOS COM POPULAÇÃO ENTRE 15 E 30 MIL HABITANTES
A12: Atividade | B12: Supervisão/mês | C12: DIAS
C13: 30 | D13: 60 | E13: 90 | F13: 120 | G13: 150 | H13: 180
A15: Plano de Trabalho e Projeto de Comunicação e Mobilização Social (P1+P2) | B15: ='Orç_20-30'!$G$17/6 -> #REF!
C16: =('Orç_20-30'!G21+('Crono_20-30'!B15*1))*1.08 -> #REF!
A17: Caracterização do Município (P3) | B17: ='Orç_20-30'!$G$17/6 -> #REF!
D18: =('Orç_20-30'!G30+('Crono_20-30'!B17*1))*1.08 -> #REF!
A19: Diagnóstico do Serviço de Abastecimento de Água Potável (P4), Esgotamento Sanitário e Drenagem Pluvial Urbana (P5) | B19: ='Orç_20-30'!$G$17/6 -> #REF!
E20: =('Orç_20-30'!G40+('Crono_20-30'!B19*1))*1.08 -> #REF!
A21: Proposição de Arranjos Institucionais, Jurídicos e Econômico-Financeiros (P6), sistemas de Abastecimento de Água (P7), esgotamento sanitário e drenagem pluvial urbana (P8) | B21: ='Orç_20-30'!$G$17/6 -> #REF!
F22: =('Orç_20-30'!G51+('Crono_20-30'!B21*1))*1.08 -> #REF!
A23: Versão Preliminar do PMSB (P9) | B23: ='Orç_20-30'!$G$17/6 -> #REF!
G24: =('Orç_20-30'!G62+('Crono_20-30'!B23*1))*1.08 -> #REF!
A25: Banco de Dados (P10) e Versão Final do Plano (P11) | B25: ='Orç_20-30'!$G$17/6 -> #REF!
H26: =('Orç_20-30'!G71+('Crono_20-30'!B25*1))*1.08 -> #REF!
A27: Total | C27: =SUM(C15:C26) -> #REF! | D27: =SUM(D15:D26) -> #REF! | E27: =SUM(E15:E26) -> #REF! | F27: =SUM(F15:F26) -> #REF! | G27: =SUM(G15:G26) -> #REF! | H27: =SUM(H15:H26) -> #REF!
A28: Total Acumulado | C28: =SUM(C27) -> #REF! | D28: =SUM(C27:D27) -> #REF! | E28: =SUM(C27:E27) -> #REF! | F28: =SUM(C27:F27) -> #REF! | G28: =SUM(C27:G27) -> #REF! | H28: =SUM(C27:H27) -> #REF!
A29: Total (%) | C29: =(C27/$H$28)*100 -> #REF! | D29: =(D27/$H$28)*100 -> #REF! | E29: =(E27/$H$28)*100 -> #REF! | F29: =(F27/$H$28)*100 -> #REF! | G29: =(G27/$H$28)*100 -> #REF! | H29: =(H27/$H$28)*100 -> #REF!
A30: Total Acumulado (%) | C30: =(C28/$H$28)*100 -> #REF! | D30: =(D28/$H$28)*100 -> #REF! | E30: =(E28/$H$28)*100 -> #REF! | F30: =(F28/$H$28)*100 -> #REF! | G30: =(G28/$H$28)*100 -> #REF! | H30: =(H28/$H$28)*100 -> #REF!

Sheet Definições
D1: DEFINIÇÕES GERAIS
A7: ENCARGOS SOCIAIS | C7: Encargos Sociais e Benefícios aos Trabalhadores – encargos incidentes sobre a folha de pagamento, encargos demissionais, benefícios pagos ao trabalhador e demais custos que deverão ser pagos ou apropriados para quitação quando devidos, tais como: férias e abono de férias, 13° salário, auxílio refeição, auxílio transporte, plano de saúde, seguro de vida, abonos legais etc.
A15: DESPESAS INDIRETAS | C15: Despesas não apropriadas diretamente nos custos do contrato, como por exemplo: funcionários administrativos, assessoria jurídica, assessoria contábil, telefonia, água e luz, aluguel e manutenção de sede, atestados, certidões, cartórios etc., tarifas bancárias, segurança, manutenção de equipamentos, licenças de usos e atualização de software, hardware, seguros, impostos e taxas não vinculados com o faturamento, papelaria, mercado, livros, jornais e revistas, despesas comerciais etc.
A25: DESPESAS LEGAIS TRIBUTOS | C25: Impostos e contribuições incidentes sobre o faturamento ou o resultado da empresa: PIS, COFINS e Imposto sobre Serviço.
A29: SERVIÇOS DE APOIO TÉCNICO | C29: São serviços complementares, executados por profissionais ou empresas subcontratados, e que são necessários para o desenvolvimento dos trabalhos de arquitetura e engenharia consultiva. Diferenciam-se das despesas diretas por serem atividades e serviços vinculados à responsabilidade técnica inerente ao trabalho da consultoria. Dentre estes serviços pode-se destacar: levantamentos topográficos e cadastrais, sondagens, ensaios geotécnicos, ensaios e análises laboratoriais (biológicos e físico-químicos), ensaios em cimento, agregados, aço, concreto, solo, pavimento etc.
A40: DESPESAS DIRETAS | C40: As despesas diretas são gastos decorrentes diretamente da execução do contrato, relacionados com materiais, serviços e equipamentos, alocados exclusivamente para o cumprimento do contrato em questão. Como exemplo destas despesas pode-se citar: impressão de desenhos, cópias Reprográficas, encadernações, fotografias, mídias, locação de veículo, diárias, refeições, passagens aéreas etc.

Sheet Dados Básicos do município
A1: =Capa!A19 -> ORÇAMENTO PARA ELABORAÇÃO DE PROJETOS DE SISTEMA DE TRATAMENTO DE ESGOTO SANITÁRIO DE PEQUENO PORTE
A4: Dados primários para quantificação de projetos de esgotamento sanitário | G4: Data: | H4: =Capa!C51 -> Inserir a data
A5: Comitê: | B5: =Capa!B25 -> CBH-DOCE
A6: Município: | B6: =Capa!B30 -> Rio Piracicaba/Minas Gerais
A8: DISCRIMINAÇÃO | C8: VALORES | D8: UNIDADE | E8: FONTE | G8: LEGENDA:
A9: Localidade | C9: Comunidade Buraco dos Coelhos/ Rio Piracicaba | H9: Dados inseridos
A10: Cronograma do projeto estimado | C10: 3 | D10: meses | E10: Estimado
A11: Distância da cidade até Governador Valadares/MG | C11: 225 | D11: km | E11: Google MAPS | H11: Calculado
A12: População Total | C12: 14631 | D12: habitantes | E12: IBGE 2022
A13: População urbana Total | C13: 11272 | D13: habitantes | E13: Prefeitura Municipal ou IBGE
A14: População da área de abrangência do projeto | C14: 115 | D14: habitantes | E14: Prefeitura Municipal ou IBGE
A15: Área de abrangência do projeto (área da ETE de pequeno porte) | C15: 0.0088 | D15: km² | E15: Calculado - Google Earth
A16: Consumo per capita de água potável | C16: 171.56 | D16: L/hab.dia | E16: SNIS - Água
A17: Número de domicílios da área de abrangência do projeto | C17: 51 | D17: unidades | E17: Prefeitura Municipal ou IBGE
A18: Percentual de domicílios urbanos com saneamento adequado | C18: 1 | D18: % | E18: Prefeitura Municipal ou IBGE
A19: Extensão da rede por ligação | C19: 17.83 | D19: m/lig | E19: SNIS - Esgoto
A20: Vazão estimada de Esgoto | C20: =((C16*C14*1.2*1.5)/86400)*0.8 -> 0.32882333 | D20: L/s | E20: Calculado
A21: Extensão estimada total da rede | C21: =C19*C17*0.8 -> 727.464 | D21: m | E21: Calculado (Considerado uma ligação/domicílio)
A22: Extensão de rede em condições adequadas | C22: =C21*C18 -> 727.464 | E22: Calculado
A23: Número Estimados de Poços de Visita (PVs)* | C23: =ROUNDUP(C21/120,0) -> 7 | D23: unidades | E23: Calculado
A24: Estimativa rede de esgoto a ser cadastrada | C24: =C22/1000 -> 0.727464 | D24: km | E24: Calculado
A25: Estimativa rede de esgoto a ser projetada | C25: 0 | D25: km | E25: Calculado

Sheet Custos
A1: =Capa!A19 -> ORÇAMENTO PARA ELABORAÇÃO DE PROJETOS DE SISTEMA DE TRATAMENTO DE ESGOTO SANITÁRIO DE PEQUENO PORTE
A3: Custos de referência | I3: Data: | J3: ='Dados Básicos do município'!H4 -> Inserir a data
A4: Comitê: | C4: ='Dados Básicos do município'!B5 -> CBH-DOCE
A5: Município: | C5: ='Dados Básicos do município'!B6 -> Rio Piracicaba/Minas Gerais
A7: ITEM | B7: ESPECIFICAÇÃO | D7: FONTE | E7: CÓDIGO | F7: HORAS | G7: DATA BASE | H7: UNIDADE | I7: CUSTO (R$)
F8: MÊS | I8: MENSAL | J8: UNITÁRIO
A10: 1 | B10: EQUIPE TÉCNICA PERMANENTE
A12: 1.1 | B12: PERMANENTE
A13: a) | B13: Engenheiro Coordenador | D13: preencher | E13: preencher | F13: 149.13 | G13: preencher | H13: hora | I13: preencher | J13: =ROUND(I13/F13,2) -> #VALUE!
A14: b) | B14: Engenheiro de Projetos Pleno | D14: preencher | E14: preencher | F14: 149.13 | G14: preencher | H14: hora | I14: preencher | J14: =ROUND(I14/F14,2) -> #VALUE!
A15: c) | B15: Auxiliar Administrativo | D15: preencher | E15: preencher | F15: 149.13 | G15: preencher | H15: hora | I15: preencher | J15: =ROUND(I15/F15,2) -> #VALUE!
A17: 2 | B17: EQUIPE DE CONSULTORES
A19: 2.1 | B19: CONSULTORES
A20: a) | B20: Engenheiro de Projetos (Elétrico) | D20: preencher | E20: preencher | F20: 149.13 | G20: preencher | H20: hora | I20: preencher | J20: =ROUND(I20/F20,2) -> #VALUE!
A21: b) | B21: Engenheiro de Projeto (Calculista) | D21: preencher | E21: preencher | F21: 149.13 | G21: preencher | H21: hora | I21: preencher | J21: =ROUND(I21/F21,2) -> #VALUE!
A22: c) | B22: Engenheiro ambiental | D22: preencher | E22: preencher | F22: 149.13 | G22: preencher | H22: hora | I22: preencher | J22: =ROUND(I22/F22,2) -> #VALUE!
A24: 3 | B24: SERVIÇOS DE APOIO TÉCNICO
A26: 3.1 | B26: SERVIÇO DE SONDAGEM
A27: a) | B27: Sondagem a percussao - mobilizacao e desmobilizacao | D27: preencher | E27: preencher | F27: - | G27: preencher | H27: unidade | I27: - | J27: preencher
A28: b) | B28: Sondagem a percussao - adicional de mobilizacao e desmobilizacao | D28: preencher | E28: preencher | F28: - | G28: preencher | H28: km | I28: - | J28: preencher
A29: c) | B29: Sondagem a percussao - instalacao por furo | D29: preencher | E29: preencher | F29: - | G29: preencher | H29: unidade | I29: - | J29: preencher
A30: d) | B30: Sondagem a percussao ø2.1/2" - perfuracao e retirada de amostras | D30: preencher | E30: preencher | F30: - | G30: preencher | H30: m | I30: - | J30: preencher
A32: 3.2 | B32: SERVIÇOS DE TOPOGRAFIA
A33: a) | B33: Mobilização e desmobilização de equipe de topografia | D33: preencher | E33: preencher | F33: - | G33: preencher | H33: km | I33: - | J33: preencher
A34: b) | B34: Equipe de topografia de campo | D34: preencher | E34: preencher | F34: - | G34: preencher | H34: mês | I34: - | J34: preencher
A35: c) | B35: Equipe de topografia de escritório | D35: preencher | E35: preencher | F35: - | G35: preencher | H35: mês | I35: - | J35: preencher
A37: 3.3 | B37: CADASTRO TÉCNICO
A38: a) | B38: Equipe de topografia de campo | D38: preencher | E38: preencher | F38: - | G38: preencher | H38: mês | I38: - | J38: preencher
A39: b) | B39: Equipe de topografia de escritório | D39: preencher | E39: preencher | F39: - | G39: preencher | H39: mês | I39: - | J39: preencher
A41: 4 | B41: OUTRAS DESPESAS
A43: 4.1 | B43: ANÁLISE DE ÁGUA
A44: a) | B44: Análise fisico-química da água | D44: preencher | E44: preencher | F44: - | G44: preencher | H44: unidade | I44: - | J44: preencher
A45: b) | B45: Analise bactereologica da água | D45: preencher | E45: preencher | F45: - | G45: preencher | H45: unidade | I45: - | J45: preencher
A46: 4.1 | B46: OUTRAS DESPESAS
A47: a) | B47: Veículo tipo pick-up 4X4 | D47: preencher | E47: preencher | F47: - | G47: preencher | H47: mês | I47: - | J47: preencher
A48: b) | B48: Refeições | D48: preencher | E48: preencher | F48: - | G48: preencher | H48: unidade | I48: - | J48: preencher
A49: c) | B49: Diárias | D49: preencher | E49: preencher | F49: - | G49: preencher | H49: unidade | I49: - | J49: preencher

Sheet DNIT04.23
A1: P8001 | B1: Advogado júnior | C1: mês | D1: 4222.14
A2: P8002 | B2: Advogado pleno | C2: mês | D2: 5629.52
A3: P8003 | B3: Advogado sênior | C3: mês | D3: 9740.87
A4: P8007 | B4: Analista de desenvolvimento de sistemas júnior | C4: mês | D4: 3731.91
A5: P8008 | B5: Analista de desenvolvimento de sistemas pleno | C5: mês | D5: 4975.88
A6: P8009 | B6: Analista de desenvolvimento de sistemas sênior | C6: mês | D6: 8853.75
A7: P8013 | B7: Arquiteto júnior | C7: mês | D7: 11067
A8: P8014 | B8: Arquiteto pleno | C8: mês | D8: 11492.2
A9: P8015 | B9: Arquiteto sênior | C9: mês | D9: 14185.72
A10: P8019 | B10: Assistente social júnior | C10: mês | D10: 2867.66
A11: P8020 | B11: Assistente social pleno | C11: mês | D11: 3823.55
A12: P8021 | B12: Assistente social sênior | C12: mês | D12: 6517.04
... A98: P8200 | B98: Sociólogo sênior | C98: mês | D98: 7915.13

Sheet K
A1: =#REF! -> #REF!
A4: Detalhamento do Fator K | F4: Data: | G4: ='Dados Básicos do município'!H4 -> Inserir a data
A5: Comitê: | B5: ='Dados Básicos do município'!B5 -> CBH-DOCE
A6: Município: | B6: ='Dados Básicos do município'!B6 -> Rio Piracicaba/Minas Gerais
A8: Os K's foram calculados através de fórmulas estabelecidas pelo Acórdão 1787/2011. Os parâmetros utilizados foram estabelecidos pela Nota Técnica Conjunta nº 01/2012/SIP/SAF da Agência Nacional de Águas.
A11: DETALHAMENTO DO FATOR K
A12: ES - ENCARGOS SOCIAIS* | F12: (Percentual para composição do fator K1 - Equipe Permanente)
A13: ESA - ENCARGOS SOCIAIS SOBRE RPA | F13: (Percentual para composição do fator K2 - Equipe de Consultores)
A14: ARDF - ADMINISTRAÇÃO, RISCO E DESPESAS FINANCEIRAS | F14: (Conforme Regime Tributário da Proponente)
A15: L - LUCRO
A16: DFL - DESPESAS FISCAIS LEGAIS | G16: =(1/(1-(E18+E19+E20))-1) -> 0
A17: DFL=(PIS+COFINS+ISS)/(1-PIS+COFINS+ISS)
A18: PIS
A19: COFINS
A20: ISS
A22: K1 | B22: Permanente | C22: K1 = [(1+ES+ARDF)*(1+L)*(1+DFL)] | G22: =(1+G12+G14)*(1+G15)*(1+G16) -> 1
A23: K2 | B23: Consultores | C23: K2 = [(1+ESA+ARDF)*(1+L)*(1+DFL)] | G23: =(1+G13+G14)*(1+G15)*(1+G16) -> 1
A24: K3 | B24: Serviço de Apoio Técnico | C24: K3 = [(1+ARDF)*(1+L)*(1+DFL)] | G24: =(1+G14)*(1+G15)*(1+G16) -> 1
A25: K4 | B25: Despesas diretas | C25: K4 = (1+L)*(1+DFL) | G25: =(1+G15)*(1+G16) -> 1

Sheet P1
A1: Produto 1: | C1: Plano de Trabalho | J1: Data: | K1: ='Dados Básicos do município'!H4 -> Inserir a data
A2: Comitê: | C2: ='Dados Básicos do município'!B5 -> CBH-DOCE
A3: Município: | C3: ='Dados Básicos do município'!B6 -> Rio Piracicaba/Minas Gerais
A5: Item | B5: Código | C5: Data-Base | D5: Órgão | E5: Descrição | F5: Custo unitário (R$) | H5: Quantitativo | I5: Custo total (R$) | J5: Custo total com K (R$) | K5: Peso (%)
A6: 1 | B6: EQUIPE TÉCNICA | J6: =J8 -> 0 | K6: =IF(J6=0,0,J6/$J$47) -> 0
A8: 1.1 | B8: PERMANENTE | J8: =SUM(J9:J11) -> 0 | K8: =SUM(K9:K11) -> 0
A9: a) | B9: =Custos!E13 -> preencher | C9: =Custos!G13 -> preencher | D9: =Custos!$D$13 -> preencher | E9: =Custos!B13 -> Engenheiro Coordenador | G9: hora | H9: 9.5868598 | I9: =H9*F9 -> 0 | J9: =I9*K!$G$23 -> 0 | K9: =IF(J9=0,"",J9/$J$47)
A10: b) | B10: =Custos!E14 -> preencher | C10: =Custos!G14 -> preencher | D10: =Custos!D14 -> preencher | E10: =Custos!B14 -> Engenheiro de Projetos Pleno | G10: hora | H10: 6.3912399 | I10: =H10*F10 -> 0 | J10: =I10*K!$G$23 -> 0 | K10: =IF(J10=0,"",J10/$J$47)
A11: e) | B11: =Custos!E15 -> preencher | C11: =Custos!G15 -> preencher | D11: =Custos!D15 -> preencher | E11: =Custos!B15 -> Auxiliar Administrativo | G11: hora | H11: 15.9781 | I11: =H11*F11 -> 0 | J11: =I11*K!$G$23 -> 0 | K11: =IF(J11=0,"",J11/$J$47)
A13: 2 | B13: CONSULTORES | J13: =J15 -> 0 | K13: =IF(J13=0,0,J13/$J$47) -> 0
A15: 2.1 | B15: CONSULTORES | J15: =SUM(J16:J18) -> 0 | K15: =SUM(K16:K18) -> 0
A16: a) | B16: =Custos!E20 -> preencher | C16: =Custos!G20 -> preencher | D16: =Custos!D20 -> preencher | E16: =Custos!B20 -> Engenheiro de Projetos (Elétrico) | G16: hora | H16: 0 | I16: =H16*F16 -> 0 | J16: =(I16*K!$G$23) -> 0 | K16: =IF(J16=0,"",J16/$J$47)
A17: b) | B17: =Custos!E21 -> preencher | C17: =Custos!G21 -> preencher | D17: =Custos!D21 -> preencher | E17: =Custos!B21 -> Engenheiro de Projeto (Calculista) | G17: hora | H17: 0 | I17: =H17*F17 -> 0 | J17: =(I17*K!$G$23) -> 0 | K17: =IF(J17=0,"",J17/$J$47)
A18: e) | B18: =Custos!E22 -> preencher | C18: =Custos!G22 -> preencher | D18: =Custos!D22 -> preencher | E18: =Custos!B22 -> Engenheiro ambiental | G18: hora | H18: 0 | I18: =H18*F18 -> 0 | J18: =(I18*K!$G$23) -> 0 | K18: =IF(J18=0,"",J18/$J$47)
A20: 3 | B20: SERVIÇOS DE APOIO TÉCNICO | J20: =J22+J27+J33+J37 -> 0 | K20: =IF(J20=0,0,J20/$J$47) -> 0
A22: 3.1 | B22: SERVIÇOS DE TOPOGRAFIA | J22: =SUM(J23:J25) -> 0 | K22: =SUM(K23:K25) -> 0
A23: a) | B23: =Custos!E33 -> preencher | C23: =Custos!G33 -> preencher | D23: =Custos!D33 -> preencher | E23: =Custos!B33 -> Mobilização e desmobilização de equipe de topografia | G23: =Custos!H33 -> km | H23: 0 | I23: =H23*F23 -> 0 | J23: =(I23*K!$G$24) -> 0 | K23: =IF(J23=0,"",J23/$J$47)
A24: b) | B24: =Custos!E34 -> preencher | C24: =Custos!G34 -> preencher | D24: =Custos!D34 -> preencher | E24: =Custos!B34 -> Equipe de topografia de campo | G24: =Custos!H34 -> mês | H24: 0 | I24: =H24*F24 -> 0 | J24: =(I24*K!$G$24) -> 0 | K24: =IF(J24=0,"",J24/$J$47)
A25: c) | B25: =Custos!E35 -> preencher | C25: =Custos!G35 -> preencher | D25: =Custos!D35 -> preencher | E25: =Custos!B35 -> Equipe de topografia de escritório | G25: =Custos!H35 -> mês | H25: 0 | I25: =H25*F25 -> 0 | J25: =(I25*K!$G$24) -> 0 | K25: =IF(J25=0,"",J25/$J$47)
A27: 3.2 | B27: SERVIÇOS DE SONDAGEM | J27: =SUM(J29:J31) -> 0 | K27: =SUM(K29:K31) -> 0
A28: a) | B28: =Custos!E27 -> preencher | C28: =Custos!G27 -> preencher | D28: =Custos!D27 -> preencher | E28: =Custos!B27 -> Sondagem a percussao - mobilizacao e desmobilizacao | G28: =Custos!H27 -> unidade | H28: 0 | I28: =H28*F28 -> 0 | J28: =(I28*K!$G$24) -> 0 | K28: =IF(J28=0,"",J28/$J$47)
A29: b) | B29: =Custos!E28 -> preencher | C29: =Custos!G28 -> preencher | D29: =Custos!D28 -> preencher | E29: =Custos!B28 -> Sondagem a percussao - adicional de mobilizacao e desmobilizacao | G29: =Custos!H28 -> km | H29: 0 | I29: =H29*F29 -> 0 | J29: =(I29*K!$G$24) -> 0 | K29: =IF(J29=0,"",J29/$J$47)
A30: c) | B30: =Custos!E29 -> preencher | C30: =Custos!G29 -> preencher | D30: =Custos!D29 -> preencher | E30: =Custos!B29 -> Sondagem a percussao - instalacao por furo | G30: =Custos!H29 -> unidade | H30: 0 | I30: =H30*F30 -> 0 | J30: =(I30*K!$G$24) -> 0 | K30: =IF(J30=0,"",J30/$J$47)
A31: d) | B31: =Custos!E30 -> preencher | C31: =Custos!G30 -> preencher | D31: =Custos!D30 -> preencher | E31: =Custos!B30 -> Sondagem a percussao ø2.1/2" - perfuracao e retirada de amostras | G31: =Custos!H30 -> m | H31: 0 | I31: =H31*F31 -> 0 | J31: =(I31*K!$G$24) -> 0 | K31: =IF(J31=0,"",J31/$J$47)
A33: 3.3 | B33: CADASTRO TÉCNICO | J33: =SUM(J34:J35) -> 0 | K33: =SUM(K34:K35) -> 0
A34: a) | B34: =Custos!E38 -> preencher | C34: =Custos!G38 -> preencher | D34: =Custos!D38 -> preencher | E34: =Custos!B38 -> Equipe de topografia de campo | G34: =Custos!H38 -> mês | H34: 0 | I34: =H34*F34 -> 0 | J34: =(I34*K!$G$24) -> 0 | K34: =IF(J34=0,"",J34/$J$47)
A35: b) | B35: =Custos!E39 -> preencher | C35: =Custos!G39 -> preencher | D35: =Custos!D39 -> preencher | E35: =Custos!B39 -> Equipe de topografia de escritório | G35: =Custos!H39 -> mês | H35: 0 | I35: =H35*F35 -> 0 | J35: =(I35*K!$G$24) -> 0 | K35: =IF(J35=0,"",J35/$J$47)
A37: 3.4 | B37: ANÁLISE DE ÁGUA | J37: =SUM(J38:J39) -> 0 | K37: =SUM(K38:K39) -> 0
A38: a) | B38: =Custos!E44 -> preencher | C38: =Custos!G44 -> preencher | D38: =Custos!D44 -> preencher | E38: =Custos!B44 -> Análise fisico-química da água | G38: =Custos!H44 -> unidade | H38: 0 | I38: =H38*F38 -> 0 | J38: =(I38*K!$G$24) -> 0 | K38: =IF(J38=0,"",J38/$J$47)
A39: b) | B39: =Custos!E45 -> preencher | C39: =Custos!G45 -> preencher | D39: =Custos!D45 -> preencher | E39: =Custos!B45 -> Analise bactereologica da água | G39: =Custos!H45 -> unidade | H39: 0 | I39: =H39*F39 -> 0 | J39: =(I39*K!$G$24) -> 0 | K39: =IF(J39=0,"",J39/$J$47)
A40: 4. | B40: DESPESAS DIVERSAS | J40: =J42 -> 0 | K40: =IF(J40=0,0,J40/$J$47) -> 0
A42: 4.1 | B42: OUTRAS DESPESAS | J42: =SUM(J43:J45) -> 0 | K42: =SUM(K43:K45) -> 0
A43: a) | B43: =Custos!F47 -> - | C43: =Custos!G47 -> preencher | D43: =Custos!D47 -> preencher | E43: =Custos!B47 -> Veículo tipo pick-up 4X4 | G43: R$/dia | H43: 0 | I43: =H43*F43 -> 0 | J43: =(I43*K!$G$25) -> 0 | K43: =IF(J43=0,"",J43/$J$47)
A44: b) | B44: =Custos!F48 -> - | C44: =Custos!G48 -> preencher | D44: =Custos!D48 -> preencher | E44: =Custos!B48 -> Refeições | G44: =Custos!H48 -> unidade | H44: 0 | I44: =H44*F44 -> 0 | J44: =(I44*K!$G$25) -> 0 | K44: =IF(J44=0,"",J44/$J$47)
A45: c) | B45: =Custos!F49 -> - | C45: =Custos!G49 -> preencher | D45: =Custos!D49 -> preencher | E45: =Custos!B49 -> Diárias | G45: =Custos!H49 -> unidade | H45: 0 | I45: =H45*F45 -> 0 | J45: =(I45*K!$G$25) -> 0 | K45: =IF(J45=0,"",J45/$J$47)
A47: VALOR TOTAL - Inclusos K's | I47: R$ | J47: =ROUND((J6+J13+J20+J40),2) -> 0 | K47: =K6+K13+K20+K40 -> 0

Sheet P2
A1: Produto 2: | C1: Cadastro Técnico | J1: Data: | K1: ='Dados Básicos do município'!H4 -> Inserir a data
A2: Comitê: | C2: ='Dados Básicos do município'!B5 -> CBH-DOCE
A3: Município: | C3: ='Dados Básicos do município'!B6 -> Rio Piracicaba/Minas Gerais
A5: Item | B5: Código | C5: Data-Base | D5: Órgão | E5: Descrição | F5: Custo unitário (R$) | H5: Quantitativo | I5: Custo total (R$) | J5: Custo total com K (R$) | K5: Peso (%)
A6: 1 | B6: EQUIPE TÉCNICA | J6: =J8 -> 0 | K6: =IF(J6=0,0,J6/$J$47) -> 0
A8: 1.1 | B8: PERMANENTE | J8: =SUM(J9:J11) -> 0 | K8: =SUM(K9:K11) -> 0
A9: a) | B9: ='P1'!B9 -> preencher | C9: =Custos!G13 -> preencher | D9: =Custos!$D$13 -> preencher | E9: =Custos!B13 -> Engenheiro Coordenador | G9: hora | H9: 3.1956199 | I9: =H9*F9 -> 0 | J9: =(I9*K!$G$23) -> 0 | K9: =IF(J9=0,"",J9/$J$47)
A10: b) | B10: ='P1'!B10 -> preencher | C10: =Custos!G14 -> preencher | D10: =Custos!D14 -> preencher | E10: =Custos!B14 -> Engenheiro de Projetos Pleno | G10: hora | H10: 9.5868598 | I10: =H10*F10 -> 0 | J10: =(I10*K!$G$23) -> 0 | K10: =IF(J10=0,"",J10/$J$47)
A11: c) | B11: ='P1'!B11 -> preencher | C11: =Custos!G15 -> preencher | D11: =Custos!D15 -> preencher | E11: =Custos!B15 -> Auxiliar Administrativo | G11: hora | H11: 31.956199 | I11: =H11*F11 -> 0 | J11: =(I11*K!$G$23) -> 0 | K11: =IF(J11=0,"",J11/$J$47)
A13: 2 | B13: CONSULTORES | J13: =J15 -> 0 | K13: =IF(J13=0,0,J13/$J$47) -> 0
A15: 2.1 | B15: CONSULTORES | J15: =SUM(J16:J18) -> 0 | K15: =SUM(K16:K18) -> 0
A16: a) | B16: ='P1'!B16 -> preencher | C16: =Custos!G20 -> preencher | D16: =Custos!D20 -> preencher | E16: =Custos!B20 -> Engenheiro de Projetos (Elétrico) | G16: hora | H16: 0 | I16: =H16*F16 -> 0 | J16: =(I16*K!$G$23) -> 0 | K16: =IF(J16=0,"",J16/$J$47)
A17: b) | B17: ='P1'!B17 -> preencher | C17: =Custos!G21 -> preencher | D17: =Custos!D21 -> preencher | E17: =Custos!B21 -> Engenheiro de Projeto (Calculista) | G17: hora | H17: 0 | I17: =H17*F17 -> 0 | J17: =(I17*K!$G$23) -> 0 | K17: =IF(J17=0,"",J17/$J$47)
A18: c) | B18: ='P1'!B18 -> preencher | C18: =Custos!G22 -> preencher | D18: =Custos!D22 -> preencher | E18: =Custos!B22 -> Engenheiro ambiental | G18: hora | H18: 0 | I18: =H18*F18 -> 0 | J18: =(I18*K!$G$23) -> 0 | K18: =IF(J18=0,"",J18/$J$47)
A20: 3 | B20: SERVIÇOS DE APOIO TÉCNICO | J20: =J22+J27+J33+J37 -> 0 | K20: =IF(J20=0,0,J20/$J$47) -> 0
A22: 3.1 | B22: SERVIÇOS DE TOPOGRAFIA | J22: =SUM(J23:J25) -> 0 | K22: =SUM(K23:K25) -> 0
A23: a) | B23: ='P1'!B23 -> preencher | C23: =Custos!G33 -> preencher | D23: =Custos!D33 -> preencher | E23: =Custos!B33 -> Mobilização e desmobilização de equipe de topografia | G23: =Custos!H33 -> km | H23: 0 | I23: =H23*F23 -> 0 | J23: =(I23*K!$G$24) -> 0 | K23: =IF(J23=0,"",J23/$J$47)
A24: b) | B24: ='P1'!B24 -> preencher | C24: =Custos!G34 -> preencher | D24: =Custos!D34 -> preencher | E24: =Custos!B34 -> Equipe de topografia de campo | G24: =Custos!H34 -> mês | H24: 0 | I24: =H24*F24 -> 0 | J24: =(I24*K!$G$24) -> 0 | K24: =IF(J24=0,"",J24/$J$47)
A25: c) | B25: ='P1'!B25 -> preencher | C25: =Custos!G35 -> preencher | D25: =Custos!D35 -> preencher | E25: =Custos!B35 -> Equipe de topografia de escritório | G25: =Custos!H35 -> mês | H25: 0 | I25: =H25*F25 -> 0 | J25: =(I25*K!$G$24) -> 0 | K25: =IF(J25=0,"",J25/$J$47)
A27: 3.2 | B27: SERVIÇOS DE SONDAGEM | J27: =SUM(J28:J31) -> 0 | K27: =SUM(K29:K30) -> 0
A28: a) | B28: ='P1'!B28 -> preencher | C28: =Custos!G27 -> preencher | D28: =Custos!D27 -> preencher | E28: =Custos!B27 -> Sondagem a percussao - mobilizacao e desmobilizacao | G28: =Custos!H27 -> unidade | H28: 0 | I28: =H28*F28 -> 0 | J28: =(I28*K!$G$24) -> 0 | K28: =IF(J28=0,"",J28/$J$47)
A29: b) | B29: ='P1'!B29 -> preencher | C29: =Custos!G28 -> preencher | D29: =Custos!D28 -> preencher | E29: =Custos!B28 -> Sondagem a percussao - adicional de mobilizacao e desmobilizacao | G29: =Custos!H28 -> km | H29: 0 | I29: =H29*F29 -> 0 | J29: =(I29*K!$G$24) -> 0 | K29: =IF(J29=0,"",J29/$J$47)
A30: c) | B30: ='P1'!B30 -> preencher | C30: =Custos!G29 -> preencher | D30: =Custos!D29 -> preencher | E30: =Custos!B29 -> Sondagem a percussao - instalacao por furo | G30: =Custos!H29 -> unidade | H30: 0 | I30: =H30*F30 -> 0 | J30: =(I30*K!$G$24) -> 0 | K30: =IF(J30=0,"",J30/$J$47)
A31: d) | B31: ='P1'!B31 -> preencher | C31: =Custos!G30 -> preencher | D31: =Custos!D30 -> preencher | E31: =Custos!B30 -> Sondagem a percussao ø2.1/2" - perfuracao e retirada de amostras | G31: =Custos!H30 -> m | H31: 0 | I31: =H31*F31 -> 0 | J31: =(I31*K!$G$24) -> 0 | K31: =IF(J31=0,"",J31/$J$47)
A33: 3.3 | B33: CADASTRO TÉCNICO | J33: =SUM(J34:J35) -> 0 | K33: =SUM(K34:K35) -> 0
A34: a) | B34: ='P1'!B34 -> preencher | C34: =Custos!G38 -> preencher | D34: =Custos!D38 -> preencher | E34: =Custos!B38 -> Equipe de topografia de campo | G34: =Custos!H38 -> mês | H34: 0.014442343 | I34: =H34*F34 -> 0 | J34: =(I34*K!$G$24) -> 0 | K34: =IF(J34=0,"",J34/$J$47)
A35: b) | B35: ='P1'!B35 -> preencher | C35: =Custos!G39 -> preencher | D35: =Custos!D39 -> preencher | E35: =Custos!B39 -> Equipe de topografia de escritório | G35: =Custos!H39 -> mês | H35: 0.0013138 | I35: =H35*F35 -> 0 | J35: =(I35*K!$G$24) -> 0 | K35: =IF(J35=0,"",J35/$J$47)
A37: 3.4 | B37: ANÁLISE DE ÁGUA | J37: =SUM(J38:J39) -> 0 | K37: =SUM(K38:K39) -> 0
A38: a) | B38: =Custos!E44 -> preencher | C38: =Custos!G44 -> preencher | D38: =Custos!D44 -> preencher | E38: =Custos!B44 -> Análise fisico-química da água | G38: =Custos!H44 -> unidade | H38: 0 | I38: =H38*F38 -> 0 | J38: =(I38*K!$G$24) -> 0 | K38: =IF(J38=0,"",J38/$J$47)
A39: b) | B39: =Custos!E45 -> preencher | C39: =Custos!G45 -> preencher | D39: =Custos!D45 -> preencher | E39: =Custos!B45 -> Analise bactereologica da água | G39: =Custos!H45 -> unidade | H39: 0 | I39: =H39*F39 -> 0 | J39: =(I39*K!$G$24) -> 0 | K39: =IF(J39=0,"",J39/$J$47)
A40: 4. | B40: DESPESAS DIVERSAS | J40: =J42 -> 0 | K40: =IF(J40=0,0,J40/$J$47) -> 0
A42: 4.1 | B42: OUTRAS DESPESAS | J42: =SUM(J43:J45) -> 0 | K42: =SUM(K43:K45) -> 0
A43: a) | B43: =Custos!F47 -> - | C43: =Custos!G47 -> preencher | D43: =Custos!D47 -> preencher | E43: =Custos!B47 -> Veículo tipo pick-up 4X4 | G43: ='P1'!G43 -> R$/dia | H43: 0.5 | I43: =H43*F43 -> 0 | J43: =(I43*K!$G$25) -> 0 | K43: =IF(J43=0,"",J43/$J$47)
A44: b) | B44: =Custos!F48 -> - | C44: =Custos!G48 -> preencher | D44: =Custos!D48 -> preencher | E44: =Custos!B48 -> Refeições | G44: ='P1'!G44 -> unidade | H44: 2 | I44: =H44*F44 -> 0 | J44: =(I44*K!$G$25) -> 0 | K44: =IF(J44=0,"",J44/$J$47)
A45: c) | B45: =Custos!F49 -> - | C45: =Custos!G49 -> preencher | D45: =Custos!D49 -> preencher | E45: =Custos!B49 -> Diárias | G45: ='P1'!G45 -> unidade | H45: 2 | I45: =H45*F45 -> 0 | J45: =(I45*K!$G$25) -> 0 | K45: =IF(J45=0,"",J45/$J$47)
A47: VALOR TOTAL - Inclusos K's | I47: R$ | J47: =ROUND((J6+J13+J20+J40),2) -> 0 | K47: =K6+K13+K20+K40 -> 0

Sheet P3
A1: Produto 3: | C1: Estudo Topográfico | J1: Data: | K1: ='Dados Básicos do município'!H4 -> Inserir a data
A2: Comitê: | C2: ='Dados Básicos do município'!B5 -> CBH-DOCE
A3: Município: | C3: ='Dados Básicos do município'!B6 -> Rio Piracicaba/Minas Gerais
A5: Item | B5: Código | C5: Data-Base | D5: Órgão | E5: Descrição | F5: Custo unitário (R$) | H5: Quantitativo | I5: Custo total (R$) | J5: Custo total com K (R$) | K5: Peso (%)
A6: 1 | B6: EQUIPE TÉCNICA | J6: =J8 -> 0 | K6: =IF(J6=0,0,J6/$J$47) -> 0
A8: 1.1 | B8: PERMANENTE | J8: =SUM(J9:J11) -> 0 | K8: =SUM(K9:K11) -> 0
A9: a) | B9: ='P1'!B9 -> preencher | C9: =Custos!G13 -> preencher | D9: =Custos!$D$13 -> preencher | E9: =Custos!B13 -> Engenheiro Coordenador | G9: hora | H9: 3.1956199 | I9: =H9*F9 -> 0 | J9: =(I9*K!$G$23) -> 0 | K9: =IF(J9=0,"",J9/$J$47)
A10: b) | B10: ='P1'!B10 -> preencher | C10: =Custos!G14 -> preencher | D10: =Custos!D14 -> preencher | E10: =Custos!B14 -> Engenheiro de Projetos Pleno | G10: hora | H10: 9.5868598 | I10: =H10*F10 -> 0 | J10: =(I10*K!$G$23) -> 0 | K10: =IF(J10=0,"",J10/$J$47)
A11: c) | B11: ='P1'!B11 -> preencher | C11: =Custos!G15 -> preencher | D11: =Custos!D15 -> preencher | E11: =Custos!B15 -> Auxiliar Administrativo | G11: hora | H11: 31.956199 | I11: =H11*F11 -> 0 | J11: =(I11*K!$G$23) -> 0 | K11: =IF(J11=0,"",J11/$J$47)
A13: 2 | B13: CONSULTORES | J13: =J15 -> 0 | K13: =IF(J13=0,0,J13/$J$47) -> 0
A15: 2.1 | B15: CONSULTORES | J15: =SUM(J16:J18) -> 0 | K15: =SUM(K16:K18) -> 0
A16: a) | B16: ='P1'!B16 -> preencher | C16: =Custos!G20 -> preencher | D16: =Custos!D20 -> preencher | E16: =Custos!B20 -> Engenheiro de Projetos (Elétrico) | G16: hora | H16: 0 | I16: =H16*F16 -> 0 | J16: =(I16*K!$G$23) -> 0 | K16: =IF(J16=0,"",J16/$J$47)
A17: b) | B17: ='P1'!B17 -> preencher | C17: =Custos!G21 -> preencher | D17: =Custos!D21 -> preencher | E17: =Custos!B21 -> Engenheiro de Projeto (Calculista) | G17: hora | H17: 0 | I17: =H17*F17 -> 0 | J17: =(I17*K!$G$23) -> 0 | K17: =IF(J17=0,"",J17/$J$47)
A18: c) | B18: ='P1'!B18 -> preencher | C18: =Custos!G22 -> preencher | D18: =Custos!D22 -> preencher | E18: =Custos!B22 -> Engenheiro ambiental | G18: hora | H18: 0 | I18: =H18*F18 -> 0 | J18: =(I18*K!$G$23) -> 0 | K18: =IF(J18=0,"",J18/$J$47)
A20: 3 | B20: SERVIÇOS DE APOIO TÉCNICO | J20: =J22+J27+J33+J37 -> 0 | K20: =IF(J20=0,0,J20/$J$47) -> 0
A22: 3.1 | B22: SERVIÇOS DE TOPOGRAFIA | J22: =SUM(J23:J25) -> 0 | K22: =SUM(K23:K25) -> 0
A23: a) | B23: ='P1'!B23 -> preencher | C23: =Custos!G33 -> preencher | D23: =Custos!D33 -> preencher | E23: =Custos!B33 -> Mobilização e desmobilização de equipe de topografia | G23: =Custos!H33 -> km | H23: 560 | I23: =H23*F23 -> 0 | J23: =(I23*K!$G$24) -> 0 | K23: =IF(J23=0,"",J23/$J$47)
A24: b) | B24: ='P1'!B24 -> preencher | C24: =Custos!G34 -> preencher | D24: =Custos!D34 -> preencher | E24: =Custos!B34 -> Equipe de topografia de campo | G24: =Custos!H34 -> mês | H24: 0.00061011121 | I24: =H24*F24 -> 0 | J24: =(I24*K!$G$24) -> 0 | K24: =IF(J24=0,"",J24/$J$47)
A25: c) | B25: ='P1'!B25 -> preencher | C25: =Custos!G35 -> preencher | D25: =Custos!D35 -> preencher | E25: =Custos!B35 -> Equipe de topografia de escritório | G25: =Custos!H35 -> mês | H25: 0.0003050556 | I25: =H25*F25 -> 0 | J25: =(I25*K!$G$24) -> 0 | K25: =IF(J25=0,"",J25/$J$47)
A27: 3.2 | B27: SERVIÇOS DE SONDAGEM | J27: =SUM(J29:J30) -> 0 | K27: =SUM(K29:K30) -> 0
A28: a) | B28: ='P1'!B28 -> preencher | C28: =Custos!G27 -> preencher | D28: =Custos!D27 -> preencher | E28: =Custos!B27 -> Sondagem a percussao - mobilizacao e desmobilizacao | G28: =Custos!H27 -> unidade | H28: 0 | I28: =H28*F28 -> 0 | J28: =(I28*K!$G$24) -> 0 | K28: =IF(J28=0,"",J28/$J$47)
A29: b) | B29: ='P1'!B29 -> preencher | C29: =Custos!G28 -> preencher | D29: =Custos!D28 -> preencher | E29: =Custos!B28 -> Sondagem a percussao - adicional de mobilizacao e desmobilizacao | G29: =Custos!H28 -> km | H29: 0 | I29: =H29*F29 -> 0 | J29: =(I29*K!$G$24) -> 0 | K29: =IF(J29=0,"",J29/$J$47)
A30: c) | B30: ='P1'!B30 -> preencher | C30: =Custos!G29 -> preencher | D30: =Custos!D29 -> preencher | E30: =Custos!B29 -> Sondagem a percussao - instalacao por furo | G30: =Custos!H29 -> unidade | H30: 0 | I30: =H30*F30 -> 0 | J30: =(I30*K!$G$24) -> 0 | K30: =IF(J30=0,"",J30/$J$47)
A31: d) | B31: ='P1'!B31 -> preencher | C31: =Custos!G30 -> preencher | D31: =Custos!D30 -> preencher | E31: =Custos!B30 -> Sondagem a percussao ø2.1/2" - perfuracao e retirada de amostras | G31: =Custos!H30 -> m | H31: 0 | I31: =H31*F31 -> 0 | J31: =(I31*K!$G$24) -> 0 | K31: =IF(J31=0,"",J31/$J$47)
A33: 3.3 | B33: CADASTRO TÉCNICO | J33: =SUM(J34:J35) -> 0 | K33: =SUM(K34:K35) -> 0
A34: a) | B34: ='P1'!B34 -> preencher | C34: =Custos!G38 -> preencher | D34: =Custos!D38 -> preencher | E34: =Custos!B38 -> Equipe de topografia de campo | G34: =Custos!H38 -> mês | H34: 0 | I34: =H34*F34 -> 0 | J34: =(I34*K!$G$24) -> 0 | K34: =IF(J34=0,"",J34/$J$47)
A35: b) | B35: ='P1'!B35 -> preencher | C35: =Custos!G39 -> preencher | D35: =Custos!D39 -> preencher | E35: =Custos!B39 -> Equipe de topografia de escritório | G35: =Custos!H39 -> mês | H35: 0 | I35: =H35*F35 -> 0 | J35: =(I35*K!$G$24) -> 0 | K35: =IF(J35=0,"",J35/$J$47)
A37: 3.4 | B37: ANÁLISE DE ÁGUA | J37: =SUM(J38:J39) -> 0 | K37: =SUM(K38:K39) -> 0
A38: a) | B38: =Custos!E44 -> preencher | C38: =Custos!G44 -> preencher | D38: =Custos!D44 -> preencher | E38: =Custos!B44 -> Análise fisico-química da água | G38: =Custos!H44 -> unidade | H38: 0 | I38: =H38*F38 -> 0 | J38: =(I38*K!$G$24) -> 0 | K38: =IF(J38=0,"",J38/$J$47)
A39: b) | B39: =Custos!E45 -> preencher | C39: =Custos!G45 -> preencher | D39: =Custos!D45 -> preencher | E39: =Custos!B45 -> Analise bactereologica da água | G39: =Custos!H45 -> unidade | H39: 0 | I39: =H39*F39 -> 0 | J39: =(I39*K!$G$24) -> 0 | K39: =IF(J39=0,"",J39/$J$47)
A40: 4. | B40: DESPESAS DIVERSAS | J40: =J42 -> 0 | K40: =IF(J40=0,0,J40/$J$47) -> 0
A42: 4.1 | B42: OUTRAS DESPESAS | J42: =SUM(J43:J45) -> 0 | K42: =SUM(K43:K45) -> 0
A43: a) | B43: =Custos!F47 -> - | C43: =Custos!G47 -> preencher | D43: =Custos!D47 -> preencher | E43: =Custos!B47 -> Veículo tipo pick-up 4X4 | G43: ='P1'!G43 -> R$/dia | H43: 0 | I43: =H43*F43 -> 0 | J43: =(I43*K!$G$25) -> 0 | K43: =IF(J43=0,"",J43/$J$47)
A44: b) | B44: =Custos!F48 -> - | C44: =Custos!G48 -> preencher | D44: =Custos!D48 -> preencher | E44: =Custos!B48 -> Refeições | G44: ='P1'!G44 -> unidade | H44: 0 | I44: =H44*F44 -> 0 | J44: =(I44*K!$G$25) -> 0 | K44: =IF(J44=0,"",J44/$J$47)
A45: c) | B45: =Custos!F49 -> - | C45: =Custos!G49 -> preencher | D45: =Custos!D49 -> preencher | E45: =Custos!B49 -> Diárias | G45: ='P1'!G45 -> unidade | H45: 0 | I45: =H45*F45 -> 0 | J45: =(I45*K!$G$25) -> 0 | K45: =IF(J45=0,"",J45/$J$47)
A47: VALOR TOTAL - Inclusos K's | I47: R$ | J47: =ROUND((J6+J13+J20+J40),2) -> 0 | K47: =K6+K13+K20+K40 -> 0

Sheet P4
A1: Produto 4: | C1: Estudo de Concepção | J1: Data: | K1: ='Dados Básicos do município'!H4 -> Inserir a data
A2: Comitê: | C2: ='Dados Básicos do município'!B5 -> CBH-DOCE
A3: Município: | C3: ='Dados Básicos do município'!B6 -> Rio Piracicaba/Minas Gerais
A5: Item | B5: Código | C5: Data-Base | D5: Órgão | E5: Descrição | F5: Custo unitário (R$) | H5: Quantitativo | I5: Custo total (R$) | J5: Custo total com K (R$) | K5: Peso (%)
A6: 1 | B6: EQUIPE TÉCNICA | J6: =J8 -> 0 | K6: =IF(J6=0,0,J6/$J$47) -> 0
A8: 1.1 | B8: PERMANENTE | J8: =SUM(J9:J11) -> 0 | K8: =SUM(K9:K11) -> 0
A9: a) | B9: ='P1'!B9 -> preencher | C9: =Custos!G13 -> preencher | D9: =Custos!$D$13 -> preencher | E9: =Custos!B13 -> Engenheiro Coordenador | G9: hora | H9: 19.17372 | I9: =H9*F9 -> 0 | J9: =(I9*K!$G$23) -> 0 | K9: =IF(J9=0,"",J9/$J$47)
A10: b) | B10: ='P1'!B10 -> preencher | C10: =Custos!G14 -> preencher | D10: =Custos!D14 -> preencher | E10: =Custos!B14 -> Engenheiro de Projetos Pleno | G10: hora | H10: 19.17372 | I10: =H10*F10 -> 0 | J10: =(I10*K!$G$23) -> 0 | K10: =IF(J10=0,"",J10/$J$47)
A11: c) | B11: ='P1'!#REF! -> #REF! | C11: =Custos!G15 -> preencher | D11: =Custos!D15 -> preencher | E11: =Custos!B15 -> Auxiliar Administrativo | G11: hora | H11: 63.912399 | I11: =H11*F11 -> 0 | J11: =(I11*K!$G$23) -> 0 | K11: =IF(J11=0,"",J11/$J$47)
A13: 2 | B13: CONSULTORES | J13: =J15 -> 0 | K13: =IF(J13=0,0,J13/$J$47) -> 0
A15: 2.1 | B15: CONSULTORES | J15: =SUM(J16:J18) -> 0 | K15: =SUM(K16:K18) -> 0
A16: a) | B16: ='P1'!B16 -> preencher | C16: =Custos!G20 -> preencher | D16: =Custos!D20 -> preencher | E16: =Custos!B20 -> Engenheiro de Projetos (Elétrico) | G16: hora | H16: 0 | I16: =H16*F16 -> 0 | J16: =(I16*K!$G$23) -> 0 | K16: =IF(J16=0,"",J16/$J$47)
A17: b) | B17: ='P1'!B17 -> preencher | C17: =Custos!G21 -> preencher | D17: =Custos!D21 -> preencher | E17: =Custos!B21 -> Engenheiro de Projeto (Calculista) | G17: hora | H17: 0 | I17: =H17*F17 -> 0 | J17: =(I17*K!$G$23) -> 0 | K17: =IF(J17=0,"",J17/$J$47)
A18: c) | B18: ='P1'!B18 -> preencher | C18: =Custos!G22 -> preencher | D18: =Custos!D22 -> preencher | E18: =Custos!B22 -> Engenheiro ambiental | G18: hora | H18: 0 | I18: =H18*F18 -> 0 | J18: =(I18*K!$G$23) -> 0 | K18: =IF(J18=0,"",J18/$J$47)
A20: 3 | B20: SERVIÇOS DE APOIO TÉCNICO | J20: =J22+J27+J33+J37 -> 0 | K20: =IF(J20=0,0,J20/$J$47) -> 0
A22: 3.1 | B22: SERVIÇOS DE TOPOGRAFIA | J22: =SUM(J23:J25) -> 0 | K22: =SUM(K23:K25) -> 0
A23: a) | B23: ='P1'!B23 -> preencher | C23: =Custos!G33 -> preencher | D23: =Custos!D33 -> preencher | E23: =Custos!B33 -> Mobilização e desmobilização de equipe de topografia | G23: =Custos!H33 -> km | H23: 0 | I23: =H23*F23 -> 0 | J23: =(I23*K!$G$24) -> 0 | K23: =IF(J23=0,"",J23/$J$47)
A24: b) | B24: ='P1'!B24 -> preencher | C24: =Custos!G34 -> preencher | D24: =Custos!D34 -> preencher | E24: =Custos!B34 -> Equipe de topografia de campo | G24: =Custos!H34 -> mês | H24: 0 | I24: =H24*F24 -> 0 | J24: =(I24*K!$G$24) -> 0 | K24: =IF(J24=0,"",J24/$J$47)
A25: c) | B25: ='P1'!B25 -> preencher | C25: =Custos!G35 -> preencher | D25: =Custos!D35 -> preencher | E25: =Custos!B35 -> Equipe de topografia de escritório | G25: =Custos!H35 -> mês | H25: 0 | I25: =H25*F25 -> 0 | J25: =(I25*K!$G$24) -> 0 | K25: =IF(J25=0,"",J25/$J$47)
A27: 3.2 | B27: SERVIÇOS DE SONDAGEM | J27: =SUM(J28:J31) -> 0 | K27: =SUM(K28:K31) -> 0
A28: a) | B28: ='P1'!B28 -> preencher | C28: =Custos!G27 -> preencher | D28: =Custos!D27 -> preencher | E28: =Custos!B27 -> Sondagem a percussao - mobilizacao e desmobilizacao | G28: =Custos!H27 -> unidade | H28: 0 | I28: =H28*F28 -> 0 | J28: =(I28*K!$G$24) -> 0 | K28: =IF(J28=0,"",J28/$J$47)
A29: b) | B29: ='P1'!B29 -> preencher | C29: =Custos!G28 -> preencher | D29: =Custos!D28 -> preencher | E29: =Custos!B28 -> Sondagem a percussao - adicional de mobilizacao e desmobilizacao | G29: =Custos!H28 -> km | H29: 0 | I29: =H29*F29 -> 0 | J29: =(I29*K!$G$24) -> 0 | K29: =IF(J29=0,"",J29/$J$47)
A30: c) | B30: ='P1'!B30 -> preencher | C30: =Custos!G29 -> preencher | D30: =Custos!D29 -> preencher | E30: =Custos!B29 -> Sondagem a percussao - instalacao por furo | G30: =Custos!H29 -> unidade | H30: 0 | I30: =H30*F30 -> 0 | J30: =(I30*K!$G$24) -> 0 | K30: =IF(J30=0,"",J30/$J$47)
A31: d) | B31: ='P1'!B31 -> preencher | C31: =Custos!G30 -> preencher | D31: =Custos!D30 -> preencher | E31: =Custos!B30 -> Sondagem a percussao ø2.1/2" - perfuracao e retirada de amostras | G31: =Custos!H30 -> m | H31: 0 | I31: =H31*F31 -> 0 | J31: =(I31*K!$G$24) -> 0 | K31: =IF(J31=0,"",J31/$J$47)
A33: 3.3 | B33: CADASTRO TÉCNICO | J33: =SUM(J34:J35) -> 0 | K33: =SUM(K34:K35) -> 0
A34: a) | B34: ='P1'!B34 -> preencher | C34: =Custos!G38 -> preencher | D34: =Custos!D38 -> preencher | E34: =Custos!B38 -> Equipe de topografia de campo | G34: =Custos!H38 -> mês | H34: 0 | I34: =H34*F34 -> 0 | J34: =(I34*K!$G$24) -> 0 | K34: =IF(J34=0,"",J34/$J$47)
A35: b) | B35: ='P1'!B35 -> preencher | C35: =Custos!G39 -> preencher | D35: =Custos!D39 -> preencher | E35: =Custos!B39 -> Equipe de topografia de escritório | G35: =Custos!H39 -> mês | H35: 0 | I35: =H35*F35 -> 0 | J35: =(I35*K!$G$24) -> 0 | K35: =IF(J35=0,"",J35/$J$47)
A37: 3.4 | B37: ANÁLISE DE ÁGUA | J37: =SUM(J38:J39) -> 0 | K37: =SUM(K38:K39) -> 0
A38: a) | B38: =Custos!E44 -> preencher | C38: =Custos!G44 -> preencher | D38: =Custos!D44 -> preencher | E38: =Custos!B44 -> Análise fisico-química da água | G38: =Custos!H44 -> unidade | H38: 1 | I38: =H38*F38 -> 0 | J38: =(I38*K!$G$24) -> 0 | K38: =IF(J38=0,"",J38/$J$47)
A39: b) | B39: =Custos!E45 -> preencher | C39: =Custos!G45 -> preencher | D39: =Custos!D45 -> preencher | E39: =Custos!B45 -> Analise bactereologica da água | G39: =Custos!H45 -> unidade | H39: 1 | I39: =H39*F39 -> 0 | J39: =(I39*K!$G$24) -> 0 | K39: =IF(J39=0,"",J39/$J$47)
A40: 4. | B40: DESPESAS DIVERSAS | J40: =J42 -> 0 | K40: =IF(J40=0,0,J40/$J$47) -> 0
A42: 4.1 | B42: OUTRAS DESPESAS | J42: =SUM(J43:J45) -> 0 | K42: =SUM(K43:K45) -> 0
A43: c) | B43: =Custos!F47 -> - | C43: =Custos!G47 -> preencher | D43: =Custos!D47 -> preencher | E43: =Custos!B47 -> Veículo tipo pick-up 4X4 | G43: ='P1'!G43 -> R$/dia | H43: 0.5 | I43: =H43*F43 -> 0 | J43: =(I43*K!$G$25) -> 0 | K43: =IF(J43=0,"",J43/$J$47)
A44: d) | B44: =Custos!F48 -> - | C44: =Custos!G48 -> preencher | D44: =Custos!D48 -> preencher | E44: =Custos!B48 -> Refeições | G44: ='P1'!G44 -> unidade | H44: 2 | I44: =H44*F44 -> 0 | J44: =(I44*K!$G$25) -> 0 | K44: =IF(J44=0,"",J44/$J$47)
A45: e) | B45: =Custos!F49 -> - | C45: =Custos!G49 -> preencher | D45: =Custos!D49 -> preencher | E45: =Custos!B49 -> Diárias | G45: ='P1'!G45 -> unidade | H45: 2 | I45: =H45*F45 -> 0 | J45: =(I45*K!$G$25) -> 0 | K45: =IF(J45=0,"",J45/$J$47)
A47: VALOR TOTAL - Inclusos K's | I47: R$ | J47: =ROUND((J6+J13+J20+J40),2) -> 0 | K47: =K6+K13+K20+K40 -> 0

Sheet P5
A1: Produto 5: | C1: Projeto Básico | J1: Data: | K1: ='Dados Básicos do município'!H4 -> Inserir a data
A2: Comitê: | C2: ='Dados Básicos do município'!B5 -> CBH-DOCE
A3: Município: | C3: ='Dados Básicos do município'!B6 -> Rio Piracicaba/Minas Gerais
A5: Item | B5: Código | C5: Data-Base | D5: Órgão | E5: Descrição | F5: Custo unitário (R$) | H5: Quantitativo | I5: Custo total (R$) | J5: Custo total com K (R$) | K5: Peso (%)
A6: 1 | B6: EQUIPE TÉCNICA | J6: =J8 -> 0 | K6: =IF(J6=0,0,J6/$J$47) -> 0
A8: 1.1 | B8: PERMANENTE | J8: =SUM(J9:J11) -> 0 | K8: =SUM(K9:K11) -> 0
A9: a) | B9: ='P1'!B9 -> preencher | C9: =Custos!G13 -> preencher | D9: =Custos!$D$13 -> preencher | E9: =Custos!B13 -> Engenheiro Coordenador | G9: hora | H9: 25.564959 | I9: =H9*F9 -> 0 | J9: =(I9*K!$G$23) -> 0 | K9: =IF(J9=0,"",J9/$J$47)
A10: b) | B10: ='P1'!B10 -> preencher | C10: =Custos!G14 -> preencher | D10: =Custos!D14 -> preencher | E10: =Custos!B14 -> Engenheiro de Projetos Pleno | G10: hora | H10: 51.129919 | I10: =H10*F10 -> 0 | J10: =(I10*K!$G$23) -> 0 | K10: =IF(J10=0,"",J10/$J$47)
A11: c) | B11: ='P1'!B11 -> preencher | C11: =Custos!G15 -> preencher | D11: =Custos!D15 -> preencher | E11: =Custos!B15 -> Auxiliar Administrativo | G11: hora | H11: 127.8248 | I11: =H11*F11 -> 0 | J11: =(I11*K!$G$23) -> 0 | K11: =IF(J11=0,"",J11/$J$47)
A13: 2 | B13: CONSULTORES | J13: =J15 -> 0 | K13: =IF(J13=0,0,J13/$J$47) -> 0
A15: 2.1 | B15: CONSULTORES | J15: =SUM(J16:J18) -> 0 | K15: =SUM(K16:K18) -> 0
A16: a) | B16: ='P1'!B16 -> preencher | C16: =Custos!G20 -> preencher | D16: =Custos!D20 -> preencher | E16: =Custos!B20 -> Engenheiro de Projetos (Elétrico) | G16: hora | H16: 12.78248 | I16: =H16*F16 -> 0 | J16: =(I16*K!$G$23) -> 0 | K16: =IF(J16=0,"",J16/$J$47)
A17: b) | B17: ='P1'!B17 -> preencher | C17: =Custos!G21 -> preencher | D17: =Custos!D21 -> preencher | E17: =Custos!B21 -> Engenheiro de Projeto (Calculista) | G17: hora | H17: 12.78248 | I17: =H17*F17 -> 0 | J17: =(I17*K!$G$23) -> 0 | K17: =IF(J17=0,"",J17/$J$47)
A18: c) | B18: ='P1'!B18 -> preencher | C18: =Custos!G22 -> preencher | D18: =Custos!D22 -> preencher | E18: =Custos!B22 -> Engenheiro ambiental | G18: hora | H18: 0 | I18: =H18*F18 -> 0 | J18: =(I18*K!$G$23) -> 0 | K18: =IF(J18=0,"",J18/$J$47)
A20: 3 | B20: SERVIÇOS DE APOIO TÉCNICO | J20: =J22+J27+J33+J40 -> 0 | K20: =IF(J20=0,0,J20/$J$47) -> 0
A22: 3.1 | B22: SERVIÇOS DE TOPOGRAFIA | J22: =SUM(J23:J25) -> 0 | K22: =SUM(K23:K25) -> 0
A23: a) | B23: ='P1'!B23 -> preencher | C23: =Custos!G33 -> preencher | D23: =Custos!D33 -> preencher | E23: =Custos!B33 -> Mobilização e desmobilização de equipe de topografia | G23: =Custos!H33 -> km | H23: 0 | I23: =H23*F23 -> 0 | J23: =(I23*K!$G$24) -> 0 | K23: =IF(J23=0,"",J23/$J$47)
A24: b) | B24: ='P1'!B24 -> preencher | C24: =Custos!G34 -> preencher | D24: =Custos!D34 -> preencher | E24: =Custos!B34 -> Equipe de topografia de campo | G24: =Custos!H34 -> mês | H24: 0 | I24: =H24*F24 -> 0 | J24: =(I24*K!$G$24) -> 0 | K24: =IF(J24=0,"",J24/$J$47)
A25: c) | B25: ='P1'!B25 -> preencher | C25: =Custos!G35 -> preencher | D25: =Custos!D35 -> preencher | E25: =Custos!B35 -> Equipe de topografia de escritório | G25: =Custos!H35 -> mês | H25: 0 | I25: =H25*F25 -> 0 | J25: =(I25*K!$G$24) -> 0 | K25: =IF(J25=0,"",J25/$J$47)
A27: 3.2 | B27: SERVIÇOS DE SONDAGEM | J27: =SUM(J28:J31) -> 0 | K27: =SUM(K29:K30) -> 0
A28: a) | B28: ='P1'!B28 -> preencher | C28: =Custos!G27 -> preencher | D28: =Custos!D27 -> preencher | E28: =Custos!B27 -> Sondagem a percussao - mobilizacao e desmobilizacao | G28: =Custos!H27 -> unidade | H28: 0 | I28: =H28*F28 -> 0 | J28: =(I28*K!$G$24) -> 0 | K28: =IF(J28=0,"",J28/$J$47)
A29: b) | B29: ='P1'!B29 -> preencher | C29: =Custos!G28 -> preencher | D29: =Custos!D28 -> preencher | E29: =Custos!B28 -> Sondagem a percussao - adicional de mobilizacao e desmobilizacao | G29: =Custos!H28 -> km | H29: 0 | I29: =H29*F29 -> 0 | J29: =(I29*K!$G$24) -> 0 | K29: =IF(J29=0,"",J29/$J$47)
A30: c) | B30: ='P1'!B30 -> preencher | C30: =Custos!G29 -> preencher | D30: =Custos!D29 -> preencher | E30: =Custos!B29 -> Sondagem a percussao - instalacao por furo | G30: =Custos!H29 -> unidade | H30: 0 | I30: =H30*F30 -> 0 | J30: =(I30*K!$G$24) -> 0 | K30: =IF(J30=0,"",J30/$J$47)
A31: d) | B31: ='P1'!B31 -> preencher | C31: =Custos!G30 -> preencher | D31: =Custos!D30 -> preencher | E31: =Custos!B30 -> Sondagem a percussao ø2.1/2" - perfuracao e retirada de amostras | G31: =Custos!H30 -> m | H31: 0 | I31: =H31*F31 -> 0 | J31: =(I31*K!$G$24) -> 0 | K31: =IF(J31=0,"",J31/$J$47)
A33: 3.3 | B33: CADASTRO TÉCNICO | J33: =SUM(J34:J35) -> 0 | K33: =SUM(K34:K35) -> 0
A34: a) | B34: ='P1'!B34 -> preencher | C34: =Custos!G38 -> preencher | D34: =Custos!D38 -> preencher | E34: =Custos!B38 -> Equipe de topografia de campo | G34: =Custos!H38 -> mês | H34: 0 | I34: =H34*F34 -> 0 | J34: =(I34*K!$G$24) -> 0 | K34: =IF(J34=0,"",J34/$J$47)
A35: b) | B35: ='P1'!B35 -> preencher | C35: =Custos!G39 -> preencher | D35: =Custos!D39 -> preencher | E35: =Custos!B39 -> Equipe de topografia de escritório | G35: =Custos!H39 -> mês | H35: 0 | I35: =H35*F35 -> 0 | J35: =(I35*K!$G$24) -> 0 | K35: =IF(J35=0,"",J35/$J$47)
A37: 3.4 | B37: ANÁLISE DE ÁGUA | J37: =SUM(J38:J39) -> 0 | K37: =SUM(K38:K39) -> 0
A38: a) | B38: =Custos!E44 -> preencher | C38: =Custos!G44 -> preencher | D38: =Custos!D44 -> preencher | E38: =Custos!B44 -> Análise fisico-química da água | G38: =Custos!H44 -> unidade | H38: 0 | I38: =H38*F38 -> 0 | J38: =(I38*K!$G$24) -> 0 | K38: =IF(J38=0,"",J38/$J$47)
A39: b) | B39: =Custos!E45 -> preencher | C39: =Custos!G45 -> preencher | D39: =Custos!D45 -> preencher | E39: =Custos!B45 -> Analise bactereologica da água | G39: =Custos!H45 -> unidade | H39: 0 | I39: =H39*F39 -> 0 | J39: =(I39*K!$G$24) -> 0 | K39: =IF(J39=0,"",J39/$J$47)
A40: 4. | B40: DESPESAS DIVERSAS | J40: =J42 -> 0 | K40: =IF(J40=0,0,J40/$J$47) -> 0
A42: 4.1 | B42: OUTRAS DESPESAS | J42: =SUM(J43:J45) -> 0 | K42: =SUM(K43:K45) -> 0
A43: a) | B43: =Custos!F47 -> - | C43: =Custos!G47 -> preencher | D43: =Custos!D47 -> preencher | E43: =Custos!B47 -> Veículo tipo pick-up 4X4 | G43: ='P1'!G43 -> R$/dia | H43: 0 | I43: =H43*F43 -> 0 | J43: =(I43*K!$G$25) -> 0 | K43: =IF(J43=0,"",J43/$J$47)
A44: b) | B44: =Custos!F48 -> - | C44: =Custos!G48 -> preencher | D44: =Custos!D48 -> preencher | E44: =Custos!B48 -> Refeições | G44: ='P1'!G44 -> unidade | H44: 0 | I44: =H44*F44 -> 0 | J44: =(I44*K!$G$25) -> 0 | K44: =IF(J44=0,"",J44/$J$47)
A45: c) | B45: =Custos!F49 -> - | C45: =Custos!G49 -> preencher | D45: =Custos!D49 -> preencher | E45: =Custos!B49 -> Diárias | G45: ='P1'!G45 -> unidade | H45: 0 | I45: =H45*F45 -> 0 | J45: =(I45*K!$G$25) -> 0 | K45: =IF(J45=0,"",J45/$J$47)
A47: VALOR TOTAL - Inclusos K's | I47: R$ | J47: =ROUND((J6+J13+J20+J40),2) -> 0 | K47: =K6+K13+K20+K40 -> 0

Sheet P6
A1: Produto 6: | C1: Estudo Geotécnicos | J1: Data: | K1: ='Dados Básicos do município'!H4 -> Inserir a data
A2: Comitê: | C2: ='Dados Básicos do município'!B5 -> CBH-DOCE
A3: Município: | C3: ='Dados Básicos do município'!B6 -> Rio Piracicaba/Minas Gerais
A5: Item | B5: Código | C5: Data-Base | D5: Órgão | E5: Descrição | F5: Custo unitário (R$) | H5: Quantitativo | I5: Custo total (R$) | J5: Custo total com K (R$) | K5: Peso (%)
A6: 1 | B6: EQUIPE TÉCNICA | J6: =J8 -> 0 | K6: =IF(J6=0,0,J6/$J$47) -> 0
A8: 1.1 | B8: PERMANENTE | J8: =SUM(J9:J11) -> 0 | K8: =SUM(K9:K11) -> 0
A9: a) | B9: ='P1'!B9 -> preencher | C9: =Custos!G13 -> preencher | D9: =Custos!$D$13 -> preencher | E9: =Custos!B13 -> Engenheiro Coordenador | G9: hora | H9: 3.1956199 | I9: =F9*H9 -> 0 | J9: =(I9*K!$G$23) -> 0 | K9: =IF(J9=0,"",J9/$J$47)
A10: b) | B10: ='P1'!B10 -> preencher | C10: =Custos!G14 -> preencher | D10: =Custos!D14 -> preencher | E10: =Custos!B14 -> Engenheiro de Projetos Pleno | G10: hora | H10: 0 | I10: =F10*H10 -> 0 | J10: =(I10*K!$G$23) -> 0 | K10: =IF(J10=0,"",J10/$J$47)
A11: c) | B11: ='P1'!B11 -> preencher | C11: =Custos!G15 -> preencher | D11: =Custos!D15 -> preencher | E11: =Custos!B15 -> Auxiliar Administrativo | G11: hora | H11: 31.956199 | I11: =F11*H11 -> 0 | J11: =(I11*K!$G$23) -> 0 | K11: =IF(J11=0,"",J11/$J$47)
A13: 2 | B13: CONSULTORES | J13: =J15 -> 0 | K13: =IF(J13=0,0,J13/$J$47) -> 0
A15: 2.1 | B15: CONSULTORES | J15: =SUM(J16:J18) -> 0 | K15: =SUM(K16:K18) -> 0
A16: a) | B16: ='P1'!B16 -> preencher | C16: =Custos!G20 -> preencher | D16: =Custos!D20 -> preencher | E16: =Custos!B20 -> Engenheiro de Projetos (Elétrico) | G16: hora | H16: 0 | I16: =F16*H16 -> 0 | J16: =(I16*K!$G$23) -> 0 | K16: =IF(J16=0,"",J16/$J$47)
A17: b) | B17: ='P1'!B17 -> preencher | C17: =Custos!G21 -> preencher | D17: =Custos!D21 -> preencher | E17: =Custos!B21 -> Engenheiro de Projeto (Calculista) | G17: hora | H17: 0 | I17: =F17*H17 -> 0 | J17: =(I17*K!$G$23) -> 0 | K17: =IF(J17=0,"",J17/$J$47)
A18: c) | B18: ='P1'!B18 -> preencher | C18: =Custos!G22 -> preencher | D18: =Custos!D22 -> preencher | E18: =Custos!B22 -> Engenheiro ambiental | G18: hora | H18: 0 | I18: =F18*H18 -> 0 | J18: =(I18*K!$G$23) -> 0 | K18: =IF(J18=0,"",J18/$J$47)
A20: 3 | B20: SERVIÇOS DE APOIO TÉCNICO | J20: =J22+J27+J33+J37 -> 0 | K20: =IF(J20=0,0,J20/$J$47) -> 0
A22: 3.1 | B22: SERVIÇOS DE TOPOGRAFIA | J22: =SUM(J23:J25) -> 0 | K22: =SUM(K23:K25) -> 0
A23: a) | B23: ='P1'!B23 -> preencher | C23: =Custos!G33 -> preencher | D23: =Custos!D33 -> preencher | E23: =Custos!B33 -> Mobilização e desmobilização de equipe de topografia | G23: =Custos!H33 -> km | H23: 0 | I23: =F23*H23 -> 0 | J23: =(I23*K!$G$24) -> 0 | K23: =IF(J23=0,"",J23/$J$47)
A24: b) | B24: ='P1'!B24 -> preencher | C24: =Custos!G34 -> preencher | D24: =Custos!D34 -> preencher | E24: =Custos!B34 -> Equipe de topografia de campo | G24: =Custos!H34 -> mês | H24: 0 | I24: =F24*H24 -> 0 | J24: =(I24*K!$G$24) -> 0 | K24: =IF(J24=0,"",J24/$J$47)
A25: c) | B25: ='P1'!B25 -> preencher | C25: =Custos!G35 -> preencher | D25: =Custos!D35 -> preencher | E25: =Custos!B35 -> Equipe de topografia de escritório | G25: =Custos!H35 -> mês | H25: 0 | I25: =F25*H25 -> 0 | J25: =(I25*K!$G$24) -> 0 | K25: =IF(J25=0,"",J25/$J$47)
A27: 3.2 | B27: SERVIÇOS DE SONDAGEM | J27: =SUM(J28:J31) -> 0 | K27: =SUM(K29:K30) -> 0
A28: a) | B28: ='P1'!B28 -> preencher | C28: =Custos!G27 -> preencher | D28: =Custos!D27 -> preencher | E28: =Custos!B27 -> Sondagem a percussao - mobilizacao e desmobilizacao | G28: =Custos!H27 -> unidade | H28: 1 | I28: =F28*H28 -> 0 | J28: =(I28*K!$G$24) -> 0 | K28: =IF(J28=0,"",J28/$J$47)
A29: b) | B29: ='P1'!B29 -> preencher | C29: =Custos!G28 -> preencher | D29: =Custos!D28 -> preencher | E29: =Custos!B28 -> Sondagem a percussao - adicional de mobilizacao e desmobilizacao | G29: =Custos!H28 -> km | H29: 560 | I29: =F29*H29 -> 0 | J29: =(I29*K!$G$24) -> 0 | K29: =IF(J29=0,"",J29/$J$47)
A30: c) | B30: ='P1'!B30 -> preencher | C30: =Custos!G29 -> preencher | D30: =Custos!D29 -> preencher | E30: =Custos!B29 -> Sondagem a percussao - instalacao por furo | G30: =Custos!H29 -> unidade | H30: 3 | I30: =F30*H30 -> 0 | J30: =(I30*K!$G$24) -> 0 | K30: =IF(J30=0,"",J30/$J$47)
A31: d) | B31: ='P1'!B31 -> preencher | C31: =Custos!G30 -> preencher | D31: =Custos!D30 -> preencher | E31: =Custos!B30 -> Sondagem a percussao ø2.1/2" - perfuracao e retirada de amostras | G31: =Custos!H30 -> m | H31: 30 | I31: =F31*H31 -> 0 | J31: =(I31*K!$G$24) -> 0 | K31: =IF(J31=0,"",J31/$J$47)
A33: 3.3 | B33: CADASTRO TÉCNICO | J33: =SUM(J34:J35) -> 0 | K33: =SUM(K34:K35) -> 0
A34: a) | B34: ='P1'!B34 -> preencher | C34: =Custos!G38 -> preencher | D34: =Custos!D38 -> preencher | E34: =Custos!B38 -> Equipe de topografia de campo | G34: =Custos!H38 -> mês | H34: 0 | I34: =F34*H34 -> 0 | J34: =(I34*K!$G$24) -> 0 | K34: =IF(J34=0,"",J34/$J$47)
A35: b) | B35: ='P1'!B35 -> preencher | C35: =Custos!G39 -> preencher | D35: =Custos!D39 -> preencher | E35: =Custos!B39 -> Equipe de topografia de escritório | G35: =Custos!H39 -> mês | H35: 0 | I35: =F35*H35 -> 0 | J35: =(I35*K!$G$24) -> 0 | K35: =IF(J35=0,"",J35/$J$47)
A37: 3.4 | B37: ANÁLISE DE ÁGUA | J37: =SUM(J38:J39) -> 0 | K37: =SUM(K38:K39) -> 0
A38: a) | B38: =Custos!E44 -> preencher | C38: =Custos!G44 -> preencher | D38: =Custos!D44 -> preencher | E38: =Custos!B44 -> Análise fisico-química da água | G38: =Custos!H44 -> unidade | H38: 0 | I38: =H38*F38 -> 0 | J38: =(I38*K!$G$24) -> 0 | K38: =IF(J38=0,"",J38/$J$47)
A39: b) | B39: =Custos!E45 -> preencher | C39: =Custos!G45 -> preencher | D39: =Custos!D45 -> preencher | E39: =Custos!B45 -> Analise bactereologica da água | G39: =Custos!H45 -> unidade | H39: 0 | I39: =H39*F39 -> 0 | J39: =(I39*K!$G$24) -> 0 | K39: =IF(J39=0,"",J39/$J$47)
A40: 4. | B40: DESPESAS DIVERSAS | J40: =J42 -> 0 | K40: =IF(J40=0,0,J40/$J$47) -> 0
A42: 4.1 | B42: OUTRAS DESPESAS | J42: =SUM(J43:J45) -> 0 | K42: =SUM(K43:K45) -> 0
A43: a) | B43: =Custos!F47 -> - | C43: =Custos!G47 -> preencher | D43: =Custos!D47 -> preencher | E43: =Custos!B47 -> Veículo tipo pick-up 4X4 | G43: ='P1'!G43 -> R$/dia | H43: 0 | I43: =F43*H43 -> 0 | J43: =(I43*K!$G$24) -> 0 | K43: =IF(J43=0,"",J43/$J$47)
A44: b) | B44: =Custos!F48 -> - | C44: =Custos!G48 -> preencher | D44: =Custos!D48 -> preencher | E44: =Custos!B48 -> Refeições | G44: ='P1'!G44 -> unidade | H44: 0 | I44: =F44*H44 -> 0 | J44: =(I44*K!$G$24) -> 0 | K44: =IF(J44=0,"",J44/$J$47)
A45: c) | B45: =Custos!F49 -> - | C45: =Custos!G49 -> preencher | D45: =Custos!D49 -> preencher | E45: =Custos!B49 -> Diárias | G45: ='P1'!G45 -> unidade | H45: 0 | I45: =F45*H45 -> 0 | J45: =(I45*K!$G$24) -> 0 | K45: =IF(J45=0,"",J45/$J$47)
A47: VALOR TOTAL - Inclusos K's | I47: R$ | J47: =ROUND((J6+J13+J20+J40),2) -> 0 | K47: =K6+K13+K20+K40 -> 0

Sheet P7a
A1: Produto 7a: | C1: Estudos Ambientais Preliminares | J1: Data: | K1: ='Dados Básicos do município'!H4 -> Inserir a data
A2: Comitê: | C2: ='Dados Básicos do município'!B5 -> CBH-DOCE
A3: Município: | C3: ='Dados Básicos do município'!B6 -> Rio Piracicaba/Minas Gerais
A5: Item | B5: Código | C5: Data-Base | D5: Órgão | E5: Descrição | F5: Custo unitário (R$) | H5: Quantitativo | I5: Custo total (R$) | J5: Custo total com K (R$) | K5: Peso (%)
A6: 1 | B6: EQUIPE TÉCNICA | J6: =J8 -> 0 | K6: =IF(J6=0,0,J6/$J$47) -> 0
A8: 1.1 | B8: PERMANENTE | J8: =SUM(J9:J11) -> 0 | K8: =SUM(K9:K11) -> 0
A9: a) | B9: ='P1'!B9 -> preencher | C9: =Custos!G13 -> preencher | D9: =Custos!$D$13 -> preencher | E9: =Custos!B13 -> Engenheiro Coordenador | G9: hora | H9: 1.59781 | I9: =H9*F9 -> 0 | J9: =(I9*K!$G$23) -> 0 | K9: =IF(J9=0,"",J9/$J$47)
A10: b) | B10: ='P1'!B10 -> preencher | C10: =Custos!G14 -> preencher | D10: =Custos!D14 -> preencher | E10: =Custos!B14 -> Engenheiro de Projetos Pleno | G10: hora | H10: 0 | I10: =H10*F10 -> 0 | J10: =(I10*K!$G$23) -> 0 | K10: =IF(J10=0,"",J10/$J$47)
A11: c) | B11: ='P1'!B11 -> preencher | C11: =Custos!G15 -> preencher | D11: =Custos!D15 -> preencher | E11: =Custos!B15 -> Auxiliar Administrativo | G11: hora | H11: 15.9781 | I11: =H11*F11 -> 0 | J11: =(I11*K!$G$23) -> 0 | K11: =IF(J11=0,"",J11/$J$47)
A13: 2 | B13: CONSULTORES | J13: =J15 -> 0 | K13: =IF(J13=0,0,J13/$J$47) -> 0
A15: 2.1 | B15: CONSULTORES | J15: =SUM(J16:J18) -> 0 | K15: =SUM(K16:K18) -> 0
A16: a) | B16: ='P1'!B16 -> preencher | C16: =Custos!G20 -> preencher | D16: =Custos!D20 -> preencher | E16: =Custos!B20 -> Engenheiro de Projetos (Elétrico) | G16: hora | H16: 0 | I16: =H16*F16 -> 0 | J16: =(I16*K!$G$23) -> 0 | K16: =IF(J16=0,"",J16/$J$47)
A17: b) | B17: ='P1'!B17 -> preencher | C17: =Custos!G21 -> preencher | D17: =Custos!D21 -> preencher | E17: =Custos!B21 -> Engenheiro de Projeto (Calculista) | G17: hora | H17: 0 | I17: =H17*F17 -> 0 | J17: =(I17*K!$G$23) -> 0 | K17: =IF(J17=0,"",J17/$J$47)
A18: c) | B18: ='P1'!B18 -> preencher | C18: =Custos!G22 -> preencher | D18: =Custos!D22 -> preencher | E18: =Custos!B22 -> Engenheiro ambiental | G18: hora | H18: 15.9781 | I18: =H18*F18 -> 0 | J18: =(I18*K!$G$23) -> 0 | K18: =IF(J18=0,"",J18/$J$47)
A20: 3 | B20: SERVIÇOS DE APOIO TÉCNICO | J20: =J22+J27+J33+J37 -> 0 | K20: =IF(J20=0,0,J20/$J$47) -> 0
A22: 3.1 | B22: SERVIÇOS DE TOPOGRAFIA | J22: =SUM(J23:J25) -> 0 | K22: =SUM(K23:K25) -> 0
A23: a) | B23: ='P1'!B23 -> preencher | C23: =Custos!G33 -> preencher | D23: =Custos!D33 -> preencher | E23: =Custos!B33 -> Mobilização e desmobilização de equipe de topografia | G23: =Custos!H33 -> km | H23: 0 | I23: =H23*F23 -> 0 | J23: =(I23*K!$G$24) -> 0 | K23: =IF(J23=0,"",J23/$J$47)
A24: b) | B24: ='P1'!B24 -> preencher | C24: =Custos!G34 -> preencher | D24: =Custos!D34 -> preencher | E24: =Custos!B34 -> Equipe de topografia de campo | G24: =Custos!H34 -> mês | H24: 0 | I24: =H24*F24 -> 0 | J24: =(I24*K!$G$24) -> 0 | K24: =IF(J24=0,"",J24/$J$47)
A25: c) | B25: ='P1'!B25 -> preencher | C25: =Custos!G35 -> preencher | D25: =Custos!D35 -> preencher | E25: =Custos!B35 -> Equipe de topografia de escritório | G25: =Custos!H35 -> mês | H25: 0 | I25: =H25*F25 -> 0 | J25: =(I25*K!$G$24) -> 0 | K25: =IF(J25=0,"",J25/$J$47)
A27: 3.2 | B27: SERVIÇOS DE SONDAGEM | J27: =SUM(J29:J30) -> 0 | K27: =SUM(K29:K30) -> 0
A28: a) | B28: ='P1'!B28 -> preencher | C28: =Custos!G27 -> preencher | D28: =Custos!D27 -> preencher | E28: =Custos!B27 -> Sondagem a percussao - mobilizacao e desmobilizacao | G28: =Custos!H27 -> unidade | H28: 0 | I28: =H28*F28 -> 0 | J28: =(I28*K!$G$24) -> 0 | K28: =IF(J28=0,"",J28/$J$47)
A29: b) | B29: ='P1'!B29 -> preencher | C29: =Custos!G28 -> preencher | D29: =Custos!D28 -> preencher | E29: =Custos!B28 -> Sondagem a percussao - adicional de mobilizacao e desmobilizacao | G29: =Custos!H28 -> km | H29: 0 | I29: =H29*F29 -> 0 | J29: =(I29*K!$G$24) -> 0 | K29: =IF(J29=0,"",J29/$J$47)
A30: c) | B30: ='P1'!B30 -> preencher | C30: =Custos!G29 -> preencher | D30: =Custos!D29 -> preencher | E30: =Custos!B29 -> Sondagem a percussao - instalacao por furo | G30: =Custos!H29 -> unidade | H30: 0 | I30: =H30*F30 -> 0 | J30: =(I30*K!$G$24) -> 0 | K30: =IF(J30=0,"",J30/$J$47)
A31: d) | B31: ='P1'!B31 -> preencher | C31: =Custos!G30 -> preencher | D31: =Custos!D30 -> preencher | E31: =Custos!B30 -> Sondagem a percussao ø2.1/2" - perfuracao e retirada de amostras | G31: =Custos!H30 -> m | H31: 0 | I31: =H31*F31 -> 0 | J31: =(I31*K!$G$24) -> 0 | K31: =IF(J31=0,"",J31/$J$47)
A33: 3.3 | B33: CADASTRO TÉCNICO | J33: =SUM(J34:J35) -> 0 | K33: =SUM(K34:K35) -> 0
A34: a) | B34: ='P1'!B34 -> preencher | C34: =Custos!G38 -> preencher | D34: =Custos!D38 -> preencher | E34: =Custos!B38 -> Equipe de topografia de campo | G34: =Custos!H38 -> mês | H34: 0 | I34: =H34*F34 -> 0 | J34: =(I34*K!$G$24) -> 0 | K34: =IF(J34=0,"",J34/$J$47)
A35: b) | B35: ='P1'!B35 -> preencher | C35: =Custos!G39 -> preencher | D35: =Custos!D39 -> preencher | E35: =Custos!B39 -> Equipe de topografia de escritório | G35: =Custos!H39 -> mês | H35: 0 | I35: =H35*F35 -> 0 | J35: =(I35*K!$G$24) -> 0 | K35: =IF(J35=0,"",J35/$J$47)
A37: 3.4 | B37: ANÁLISE DE ÁGUA | J37: =SUM(J38:J39) -> 0 | K37: =SUM(K38:K39) -> 0
A38: a) | B38: =Custos!E44 -> preencher | C38: =Custos!G44 -> preencher | D38: =Custos!D44 -> preencher | E38: =Custos!B44 -> Análise fisico-química da água | G38: =Custos!H44 -> unidade | H38: 0 | I38: =H38*F38 -> 0 | J38: =(I38*K!$G$24) -> 0 | K38: =IF(J38=0,"",J38/$J$47)
A39: b) | B39: =Custos!E45 -> preencher | C39: =Custos!G45 -> preencher | D39: =Custos!D45 -> preencher | E39: =Custos!B45 -> Analise bactereologica da água | G39: =Custos!H45 -> unidade | H39: 0 | I39: =H39*F39 -> 0 | J39: =(I39*K!$G$24) -> 0 | K39: =IF(J39=0,"",J39/$J$47)
A40: 4. | B40: DESPESAS DIVERSAS | J40: =J42 -> 0 | K40: =IF(J40=0,0,J40/$J$47) -> 0
A42: 4.1 | B42: OUTRAS DESPESAS | J42: =SUM(J43:J45) -> 0 | K42: =SUM(K43:K45) -> 0
A43: a) | B43: =Custos!F47 -> - | C43: =Custos!G47 -> preencher | D43: =Custos!D47 -> preencher | E43: =Custos!B47 -> Veículo tipo pick-up 4X4 | G43: ='P1'!G43 -> R$/dia | H43: 0 | I43: =H43*F43 -> 0 | J43: =(I43*K!$G$25) -> 0 | K43: =IF(J43=0,"",J43/$J$47)
A44: b) | B44: =Custos!F48 -> - | C44: =Custos!G48 -> preencher | D44: =Custos!D48 -> preencher | E44: =Custos!B48 -> Refeições | G44: ='P1'!G44 -> unidade | H44: 0 | I44: =H44*F44 -> 0 | J44: =(I44*K!$G$25) -> 0 | K44: =IF(J44=0,"",J44/$J$47)
A45: c) | B45: =Custos!F49 -> - | C45: =Custos!G49 -> preencher | D45: =Custos!D49 -> preencher | E45: =Custos!B49 -> Diárias | G45: ='P1'!G45 -> unidade | H45: 0 | I45: =H45*F45 -> 0 | J45: =(I45*K!$G$25) -> 0 | K45: =IF(J45=0,"",J45/$J$47)
A47: VALOR TOTAL - Inclusos K's | I47: R$ | J47: =ROUND((J6+J13+J20+J40),2) -> 0 | K47: =K6+K13+K20+K40 -> 0

Sheet P7b
A1: Produto 7: | C1: Estudos Ambientais Consolidados | J1: Data: | K1: ='Dados Básicos do município'!H4 -> Inserir a data
A2: Comitê: | C2: ='Dados Básicos do município'!B5 -> CBH-DOCE
A3: Município: | C3: ='Dados Básicos do município'!B6 -> Rio Piracicaba/Minas Gerais
A5: Item | B5: Código | C5: Data-Base | D5: Órgão | E5: Descrição | F5: Custo unitário (R$) | H5: Quantitativo | I5: Custo total (R$) | J5: Custo total com K (R$) | K5: Peso (%)
A6: 1 | B6: EQUIPE TÉCNICA | J6: =J8 -> 0 | K6: =IF(J6=0,0,J6/$J$47) -> 0
A8: 1.1 | B8: PERMANENTE | J8: =SUM(J9:J11) -> 0 | K8: =SUM(K9:K11) -> 0
A9: a) | B9: ='P1'!B9 -> preencher | C9: =Custos!G13 -> preencher | D9: =Custos!$D$13 -> preencher | E9: =Custos!B13 -> Engenheiro Coordenador | G9: hora | H9: 3.1956199 | I9: =H9*F9 -> 0 | J9: =(I9*K!$G$23) -> 0 | K9: =IF(J9=0,"",J9/$J$47)
A10: b) | B10: ='P1'!B10 -> preencher | C10: =Custos!G14 -> preencher | D10: =Custos!D14 -> preencher | E10: =Custos!B14 -> Engenheiro de Projetos Pleno | G10: hora | H10: 0 | I10: =H10*F10 -> 0 | J10: =(I10*K!$G$23) -> 0 | K10: =IF(J10=0,"",J10/$J$47)
A11: c) | B11: ='P1'!B11 -> preencher | C11: =Custos!G15 -> preencher | D11: =Custos!D15 -> preencher | E11: =Custos!B15 -> Auxiliar Administrativo | G11: hora | H11: 31.956199 | I11: =H11*F11 -> 0 | J11: =(I11*K!$G$23) -> 0 | K11: =IF(J11=0,"",J11/$J$47)
A13: 2 | B13: CONSULTORES | J13: =J15 -> 0 | K13: =IF(J13=0,0,J13/$J$47) -> 0
A15: 2.1 | B15: CONSULTORES | J15: =SUM(J16:J18) -> 0 | K15: =SUM(K16:K18) -> 0
A16: a) | B16: ='P1'!B16 -> preencher | C16: =Custos!G20 -> preencher | D16: =Custos!D20 -> preencher | E16: =Custos!B20 -> Engenheiro de Projetos (Elétrico) | G16: hora | H16: 0 | I16: =H16*F16 -> 0 | J16: =(I16*K!$G$23) -> 0 | K16: =IF(J16=0,"",J16/$J$47)
A17: b) | B17: ='P1'!B17 -> preencher | C17: =Custos!G21 -> preencher | D17: =Custos!D21 -> preencher | E17: =Custos!B21 -> Engenheiro de Projeto (Calculista) | G17: hora | H17: 0 | I17: =H17*F17 -> 0 | J17: =(I17*K!$G$23) -> 0 | K17: =IF(J17=0,"",J17/$J$47)
A18: c) | B18: ='P1'!B18 -> preencher | C18: =Custos!G22 -> preencher | D18: =Custos!D22 -> preencher | E18: =Custos!B22 -> Engenheiro ambiental | G18: hora | H18: 31.956199 | I18: =H18*F18 -> 0 | J18: =(I18*K!$G$23) -> 0 | K18: =IF(J18=0,"",J18/$J$47)
A20: 3 | B20: SERVIÇOS DE APOIO TÉCNICO | J20: =J22+J27+J33+J37 -> 0 | K20: =IF(J20=0,0,J20/$J$47) -> 0
A22: 3.1 | B22: SERVIÇOS DE TOPOGRAFIA | J22: =SUM(J23:J25) -> 0 | K22: =SUM(K23:K25) -> 0
A23: a) | B23: ='P1'!B23 -> preencher | C23: =Custos!G33 -> preencher | D23: =Custos!D33 -> preencher | E23: =Custos!B33 -> Mobilização e desmobilização de equipe de topografia | G23: =Custos!H33 -> km | H23: 0 | I23: =H23*F23 -> 0 | J23: =(I23*K!$G$24) -> 0 | K23: =IF(J23=0,"",J23/$J$47)
A24: b) | B24: ='P1'!B24 -> preencher | C24: =Custos!G34 -> preencher | D24: =Custos!D34 -> preencher | E24: =Custos!B34 -> Equipe de topografia de campo | G24: =Custos!H34 -> mês | H24: 0 | I24: =H24*F24 -> 0 | J24: =(I24*K!$G$24) -> 0 | K24: =IF(J24=0,"",J24/$J$47)
A25: c) | B25: ='P1'!B25 -> preencher | C25: =Custos!G35 -> preencher | D25: =Custos!D35 -> preencher | E25: =Custos!B35 -> Equipe de topografia de escritório | G25: =Custos!H35 -> mês | H25: 0 | I25: =H25*F25 -> 0 | J25: =(I25*K!$G$24) -> 0 | K25: =IF(J25=0,"",J25/$J$47)
A27: 3.2 | B27: SERVIÇOS DE SONDAGEM | J27: =SUM(J29:J30) -> 0 | K27: =SUM(K29:K30) -> 0
A28: a) | B28: ='P1'!B28 -> preencher | C28: =Custos!G27 -> preencher | D28: =Custos!D27 -> preencher | E28: =Custos!B27 -> Sondagem a percussao - mobilizacao e desmobilizacao | G28: =Custos!H27 -> unidade | H28: 0 | I28: =H28*F28 -> 0 | J28: =(I28*K!$G$24) -> 0 | K28: =IF(J28=0,"",J28/$J$47)
A29: b) | B29: ='P1'!B29 -> preencher | C29: =Custos!G28 -> preencher | D29: =Custos!D28 -> preencher | E29: =Custos!B28 -> Sondagem a percussao - adicional de mobilizacao e desmobilizacao | G29: =Custos!H28 -> km | H29: 0 | I29: =H29*F29 -> 0 | J29: =(I29*K!$G$24) -> 0 | K29: =IF(J29=0,"",J29/$J$47)
A30: c) | B30: ='P1'!B30 -> preencher | C30: =Custos!G29 -> preencher | D30: =Custos!D29 -> preencher | E30: =Custos!B29 -> Sondagem a percussao - instalacao por furo | G30: =Custos!H29 -> unidade | H30: 0 | I30: =H30*F30 -> 0 | J30: =(I30*K!$G$24) -> 0 | K30: =IF(J30=0,"",J30/$J$47)
A31: d) | B31: ='P1'!B31 -> preencher | C31: =Custos!G30 -> preencher | D31: =Custos!D30 -> preencher | E31: =Custos!B30 -> Sondagem a percussao ø2.1/2" - perfuracao e retirada de amostras | G31: =Custos!H30 -> m | H31: 0 | I31: =H31*F31 -> 0 | J31: =(I31*K!$G$24) -> 0 | K31: =IF(J31=0,"",J31/$J$47)
A33: 3.3 | B33: CADASTRO TÉCNICO | J33: =SUM(J34:J35) -> 0 | K33: =SUM(K34:K35) -> 0
A34: a) | B34: ='P1'!B34 -> preencher | C34: =Custos!G38 -> preencher | D34: =Custos!D38 -> preencher | E34: =Custos!B38 -> Equipe de topografia de campo | G34: =Custos!H38 -> mês | H34: 0 | I34: =H34*F34 -> 0 | J34: =(I34*K!$G$24) -> 0 | K34: =IF(J34=0,"",J34/$J$47)
A35: b) | B35: ='P1'!B35 -> preencher | C35: =Custos!G39 -> preencher | D35: =Custos!D39 -> preencher | E35: =Custos!B39 -> Equipe de topografia de escritório | G35: =Custos!H39 -> mês | H35: 0 | I35: =H35*F35 -> 0 | J35: =(I35*K!$G$24) -> 0 | K35: =IF(J35=0,"",J35/$J$47)
A37: 3.4 | B37: ANÁLISE DE ÁGUA | J37: =SUM(J38:J39) -> 0 | K37: =SUM(K38:K39) -> 0
A38: a) | B38: =Custos!E44 -> preencher | C38: =Custos!G44 -> preencher | D38: =Custos!D44 -> preencher | E38: =Custos!B44 -> Análise fisico-química da água | G38: =Custos!H44 -> unidade | H38: 0 | I38: =H38*F38 -> 0 | J38: =(I38*K!$G$24) -> 0 | K38: =IF(J38=0,"",J38/$J$47)
A39: b) | B39: =Custos!E45 -> preencher | C39: =Custos!G45 -> preencher | D39: =Custos!D45 -> preencher | E39: =Custos!B45 -> Analise bactereologica da água | G39: =Custos!H45 -> unidade | H39: 0 | I39: =H39*F39 -> 0 | J39: =(I39*K!$G$24) -> 0 | K39: =IF(J39=0,"",J39/$J$47)
A40: 4. | B40: DESPESAS DIVERSAS | J40: =J42 -> 0 | K40: =IF(J40=0,0,J40/$J$47) -> 0
A42: 4.1 | B42: OUTRAS DESPESAS | J42: =SUM(J43:J45) -> 0 | K42: =SUM(K43:K45) -> 0
A43: a) | B43: =Custos!F47 -> - | C43: =Custos!G47 -> preencher | D43: =Custos!D47 -> preencher | E43: =Custos!B47 -> Veículo tipo pick-up 4X4 | G43: ='P1'!G43 -> R$/dia | H43: 0 | I43: =H43*F43 -> 0 | J43: =ROUND((I43*K!$G$25),2) -> 0 | K43: =IF(J43=0,"",J43/$J$47)
A44: b) | B44: =Custos!F48 -> - | C44: =Custos!G48 -> preencher | D44: =Custos!D48 -> preencher | E44: =Custos!B48 -> Refeições | G44: ='P1'!G44 -> unidade | H44: 0 | I44: =H44*F44 -> 0 | J44: =ROUND((I44*K!$G$25),2) -> 0 | K44: =IF(J44=0,"",J44/$J$47)
A45: c) | B45: =Custos!F49 -> - | C45: =Custos!G49 -> preencher | D45: =Custos!D49 -> preencher | E45: =Custos!B49 -> Diárias | G45: ='P1'!G45 -> unidade | H45: 0 | I45: =H45*F45 -> 0 | J45: =ROUND((I45*K!$G$25),2) -> 0 | K45: =IF(J45=0,"",J45/$J$47)
A47: VALOR TOTAL - Inclusos K's | I47: R$ | J47: =ROUND((J6+J13+J20+J40),2) -> 0 | K47: =K6+K13+K20+K40 -> 0

Sheet P8
A1: Produto 8: | C1: Projeto Executivo | J1: Data: | K1: ='Dados Básicos do município'!H4 -> Inserir a data
A2: Comitê: | C2: ='Dados Básicos do município'!B5 -> CBH-DOCE
A3: Município: | C3: ='Dados Básicos do município'!B6 -> Rio Piracicaba/Minas Gerais
A5: Item | B5: Código | C5: Data-Base | D5: Órgão | E5: Descrição | F5: Custo unitário (R$) | H5: Quantitativo | I5: Custo total (R$) | J5: Custo total com K (R$) | K5: Peso (%)
A6: 1 | B6: EQUIPE TÉCNICA | J6: =J8 -> 0 | K6: =IF(J6=0,0,J6/$J$47) -> 0
A8: 1.1 | B8: PERMANENTE | J8: =SUM(J9:J11) -> 0 | K8: =SUM(K9:K11) -> 0
A9: a) | B9: ='P1'!B9 -> preencher | C9: =Custos!G13 -> preencher | D9: =Custos!$D$13 -> preencher | E9: =Custos!B13 -> Engenheiro Coordenador | G9: hora | H9: 9.5868598 | I9: =H9*F9 -> 0 | J9: =(I9*K!$G$23) -> 0 | K9: =IF(J9=0,"",J9/$J$47)
A10: b) | B10: ='P1'!B10 -> preencher | C10: =Custos!G14 -> preencher | D10: =Custos!D14 -> preencher | E10: =Custos!B14 -> Engenheiro de Projetos Pleno | G10: hora | H10: 9.5868598 | I10: =H10*F10 -> 0 | J10: =(I10*K!$G$23) -> 0 | K10: =IF(J10=0,"",J10/$J$47)
A11: c) | B11: ='P1'!B11 -> preencher | C11: =Custos!G15 -> preencher | D11: =Custos!D15 -> preencher | E11: =Custos!B15 -> Auxiliar Administrativo | G11: hora | H11: 95.868598 | I11: =H11*F11 -> 0 | J11: =(I11*K!$G$23) -> 0 | K11: =IF(J11=0,"",J11/$J$47)
A13: 2 | B13: CONSULTORES | J13: =J15 -> 0 | K13: =IF(J13=0,0,J13/$J$47) -> 0
A15: 2.1 | B15: CONSULTORES | J15: =SUM(J16:J18) -> 0 | K15: =SUM(K16:K18) -> 0
A16: a) | B16: ='P1'!B16 -> preencher | C16: =Custos!G20 -> preencher | D16: =Custos!D20 -> preencher | E16: =Custos!B20 -> Engenheiro de Projetos (Elétrico) | G16: hora | H16: 43.140869 | I16: =H16*F16 -> 0 | J16: =(I16*K!$G$23) -> 0 | K16: =IF(J16=0,"",J16/$J$47)
A17: b) | B17: ='P1'!B17 -> preencher | C17: =Custos!G21 -> preencher | D17: =Custos!D21 -> preencher | E17: =Custos!B21 -> Engenheiro de Projeto (Calculista) | G17: hora | H17: 43.140869 | I17: =H17*F17 -> 0 | J17: =(I17*K!$G$23) -> 0 | K17: =IF(J17=0,"",J17/$J$47)
A18: c) | B18: ='P1'!B18 -> preencher | C18: =Custos!G22 -> preencher | D18: =Custos!D22 -> preencher | E18: =Custos!B22 -> Engenheiro ambiental | G18: hora | H18: 0 | I18: =H18*F18 -> 0 | J18: =(I18*K!$G$23) -> 0 | K18: =IF(J18=0,"",J18/$J$47)
A20: 3 | B20: SERVIÇOS DE APOIO TÉCNICO | J20: =J22+J27+J33+J37 -> 0 | K20: =IF(J20=0,0,J20/$J$47) -> 0
A22: 3.1 | B22: SERVIÇOS DE TOPOGRAFIA | J22: =SUM(J23:J25) -> 0 | K22: =SUM(K23:K25) -> 0
A23: a) | B23: ='P1'!B23 -> preencher | C23: =Custos!G33 -> preencher | D23: =Custos!D33 -> preencher | E23: =Custos!B33 -> Mobilização e desmobilização de equipe de topografia | G23: =Custos!H33 -> km | H23: 0 | I23: =H23*F23 -> 0 | J23: =(I23*K!$G$24) -> 0 | K23: =IF(J23=0,"",J23/$J$47)
A24: b) | B24: ='P1'!B24 -> preencher | C24: =Custos!G34 -> preencher | D24: =Custos!D34 -> preencher | E24: =Custos!B34 -> Equipe de topografia de campo | G24: =Custos!H34 -> mês | H24: 0 | I24: =H24*F24 -> 0 | J24: =(I24*K!$G$24) -> 0 | K24: =IF(J24=0,"",J24/$J$47)
A25: c) | B25: ='P1'!B25 -> preencher | C25: =Custos!G35 -> preencher | D25: =Custos!D35 -> preencher | E25: =Custos!B35 -> Equipe de topografia de escritório | G25: =Custos!H35 -> mês | H25: 0 | I25: =H25*F25 -> 0 | J25: =(I25*K!$G$24) -> 0 | K25: =IF(J25=0,"",J25/$J$47)
A27: 3.2 | B27: SERVIÇOS DE SONDAGEM | J27: =SUM(J29:J30) -> 0 | K27: =SUM(K29:K30) -> 0
A28: a) | B28: ='P1'!B28 -> preencher | C28: =Custos!G27 -> preencher | D28: =Custos!D27 -> preencher | E28: =Custos!B27 -> Sondagem a percussao - mobilizacao e desmobilizacao | G28: =Custos!H27 -> unidade | H28: 0 | I28: =H28*F28 -> 0 | J28: =(I28*K!$G$24) -> 0 | K28: =IF(J28=0,"",J28/$J$47)
A29: b) | B29: ='P1'!B29 -> preencher | C29: =Custos!G28 -> preencher | D29: =Custos!D28 -> preencher | E29: =Custos!B28 -> Sondagem a percussao - adicional de mobilizacao e desmobilizacao | G29: =Custos!H28 -> km | H29: 0 | I29: =H29*F29 -> 0 | J29: =(I29*K!$G$24) -> 0 | K29: =IF(J29=0,"",J29/$J$47)
A30: c) | B30: ='P1'!B30 -> preencher | C30: =Custos!G29 -> preencher | D30: =Custos!D29 -> preencher | E30: =Custos!B29 -> Sondagem a percussao - instalacao por furo | G30: =Custos!H29 -> unidade | H30: 0 | I30: =H30*F30 -> 0 | J30: =(I30*K!$G$24) -> 0 | K30: =IF(J30=0,"",J30/$J$47)
A31: d) | B31: ='P1'!B31 -> preencher | C31: =Custos!G30 -> preencher | D31: =Custos!D30 -> preencher | E31: =Custos!B30 -> Sondagem a percussao ø2.1/2" - perfuracao e retirada de amostras | G31: =Custos!H30 -> m | H31: 0 | I31: =H31*F31 -> 0 | J31: =(I31*K!$G$24) -> 0 | K31: =IF(J31=0,"",J31/$J$47)
A33: 3.3 | B33: CADASTRO TÉCNICO | J33: =SUM(J34:J35) -> 0 | K33: =SUM(K34:K35) -> 0
A34: a) | B34: ='P1'!B34 -> preencher | C34: =Custos!G38 -> preencher | D34: =Custos!D38 -> preencher | E34: =Custos!B38 -> Equipe de topografia de campo | G34: =Custos!H38 -> mês | H34: 0 | I34: =H34*F34 -> 0 | J34: =(I34*K!$G$24) -> 0 | K34: =IF(J34=0,"",J34/$J$47)
A35: b) | B35: ='P1'!B35 -> preencher | C35: =Custos!G39 -> preencher | D35: =Custos!D39 -> preencher | E35: =Custos!B39 -> Equipe de topografia de escritório | G35: =Custos!H39 -> mês | H35: 0 | I35: =H35*F35 -> 0 | J35: =(I35*K!$G$24) -> 0 | K35: =IF(J35=0,"",J35/$J$47)
A37: 3.4 | B37: ANÁLISE DE ÁGUA | J37: =SUM(J38:J39) -> 0 | K37: =SUM(K38:K39) -> 0
A38: a) | B38: =Custos!E44 -> preencher | C38: =Custos!G44 -> preencher | D38: =Custos!D44 -> preencher | E38: =Custos!B44 -> Análise fisico-química da água | G38: =Custos!H44 -> unidade | H38: 0 | I38: =H38*F38 -> 0 | J38: =(I38*K!$G$24) -> 0 | K38: =IF(J38=0,"",J38/$J$47)
A39: b) | B39: =Custos!E45 -> preencher | C39: =Custos!G45 -> preencher | D39: =Custos!D45 -> preencher | E39: =Custos!B45 -> Analise bactereologica da água | G39: =Custos!H45 -> unidade | H39: 0 | I39: =H39*F39 -> 0 | J39: =(I39*K!$G$24) -> 0 | K39: =IF(J39=0,"",J39/$J$47)
A40: 4. | B40: DESPESAS DIVERSAS | J40: =J42 -> 0 | K40: =IF(J40=0,0,J40/$J$47) -> 0
A42: 4.1 | B42: OUTRAS DESPESAS | J42: =SUM(J43:J45) -> 0 | K42: =SUM(K43:K45) -> 0
A43: a) | B43: =Custos!F47 -> - | C43: =Custos!G47 -> preencher | D43: =Custos!D47 -> preencher | E43: =Custos!B47 -> Veículo tipo pick-up 4X4 | G43: ='P1'!G43 -> R$/dia | H43: 0 | I43: =H43*F43 -> 0 | J43: =(I43*K!$G$25) -> 0 | K43: =IF(J43=0,"",J43/$J$47)
A44: b) | B44: =Custos!F48 -> - | C44: =Custos!G48 -> preencher | D44: =Custos!D48 -> preencher | E44: =Custos!B48 -> Refeições | G44: ='P1'!G44 -> unidade | H44: 0 | I44: =H44*F44 -> 0 | J44: =(I44*K!$G$25) -> 0 | K44: =IF(J44=0,"",J44/$J$47)
A45: c) | B45: =Custos!F49 -> - | C45: =Custos!G49 -> preencher | D45: =Custos!D49 -> preencher | E45: =Custos!B49 -> Diárias | G45: ='P1'!G45 -> unidade | H45: 0 | I45: =H45*F45 -> 0 | J45: =(I45*K!$G$25) -> 0 | K45: =IF(J45=0,"",J45/$J$47)
A47: VALOR TOTAL - Inclusos K's | I47: R$ | J47: =ROUND((J6+J13+J20+J40),2) -> 0 | K47: =K6+K13+K20+K40 -> 0

Sheet Produto Consolidado
A1: Produto Consolidado | J1: Data: | K1: ='Dados Básicos do município'!H4 -> Inserir a data
A2: Comitê: | C2: ='Dados Básicos do município'!B5 -> CBH-DOCE
A3: Município: | C3: ='Dados Básicos do município'!B6 -> Rio Piracicaba/Minas Gerais
A5: Item | B5: Código | C5: Data-Base | D5: Órgão | E5: Descrição | F5: Custo unitário (R$) | H5: Quantitativo | I5: Custo total (R$) | J5: Custo total com K (R$) | K5: Peso (%)
A6: 1 | B6: EQUIPE TÉCNICA | J6: =J8 -> 0 | K6: =IF(J6=0,0,J6/$J$47) -> 0
A8: 1.1 | B8: PERMANENTE | J8: =SUM(J9:J11) -> 0 | K8: =SUM(K9:K11) -> 0
A9: a) | B9: ='P1'!B9 -> preencher | C9: =Custos!G13 -> preencher | D9: =Custos!$D$13 -> preencher | E9: =Custos!B13 -> Engenheiro Coordenador | G9: hora | H9: 78.292688 | I9: =F9*H9 -> 0 | J9: =I9*K!$G$23 -> 0 | K9: =IF(J9=0,"",J9/$J$47)
A10: b) | B10: ='P1'!B10 -> preencher | C10: =Custos!G14 -> preencher | D10: =Custos!D14 -> preencher | E10: =Custos!B14 -> Engenheiro de Projetos Pleno | G10: hora | H10: 105.45546 | I10: =F10*H10 -> 0 | J10: =I10*K!$G$23 -> 0 | K10: =IF(J10=0,"",J10/$J$47)
A11: e) | B11: ='P1'!B11 -> preencher | C11: =Custos!G15 -> preencher | D11: =Custos!D15 -> preencher | E11: =Custos!B15 -> Auxiliar Administrativo | G11: hora | H11: 447.38679 | I11: =F11*H11 -> 0 | J11: =I11*K!$G$23 -> 0 | K11: =IF(J11=0,"",J11/$J$47)
A13: 2 | B13: CONSULTORES | J13: =J15 -> 0 | K13: =IF(J13=0,0,J13/$J$47) -> 0
A15: 2.1 | B15: CONSULTORES | J15: =SUM(J16:J18) -> 0 | K15: =SUM(K16:K18) -> 0
A16: b) | B16: ='P1'!B16 -> preencher | C16: =Custos!G20 -> preencher | D16: =Custos!D20 -> preencher | E16: =Custos!B20 -> Engenheiro de Projetos (Elétrico) | G16: hora | H16: 55.923349 | I16: =F16*H16 -> 0 | J16: =I16*K!$G$23 -> 0 | K16: =IF(J16=0,"",J16/$J$47)
A17: c) | B17: ='P1'!B17 -> preencher | C17: =Custos!G21 -> preencher | D17: =Custos!D21 -> preencher | E17: =Custos!B21 -> Engenheiro de Projeto (Calculista) | G17: hora | H17: 55.923349 | I17: =F17*H17 -> 0 | J17: =I17*K!$G$23 -> 0 | K17: =IF(J17=0,"",J17/$J$47)
A18: e) | B18: ='P1'!B18 -> preencher | C18: =Custos!G22 -> preencher | D18: =Custos!D22 -> preencher | E18: =Custos!B22 -> Engenheiro ambiental | G18: hora | H18: 47.934299 | I18: =F18*H18 -> 0 | J18: =I18*K!$G$23 -> 0 | K18: =IF(J18=0,"",J18/$J$47)
A20: 3 | B20: SERVIÇOS DE APOIO TÉCNICO | J20: =J22+J27+J33+J37 -> 0 | K20: =IF(J20=0,0,J20/$J$47) -> 0
A22: 3.1 | B22: SERVIÇOS DE TOPOGRAFIA | J22: =SUM(J23:J25) -> 0 | K22: =SUM(K23:K25) -> 0
A23: a) | B23: ='P1'!B23 -> preencher | C23: =Custos!G33 -> preencher | D23: =Custos!D33 -> preencher | E23: =Custos!B33 -> Mobilização e desmobilização de equipe de topografia | G23: =Custos!H33 -> km | H23: 560 | I23: =H23*F23 -> 0 | J23: =I23*K!$G$24 -> 0 | K23: =IF(J23=0,"",J23/$J$47)
A24: b) | B24: ='P1'!B24 -> preencher | C24: =Custos!G34 -> preencher | D24: =Custos!D34 -> preencher | E24: =Custos!B34 -> Equipe de topografia de campo | G24: =Custos!H34 -> mês | H24: 0.00061011121 | I24: =H24*F24 -> 0 | J24: =I24*K!$G$24 -> 0 | K24: =IF(J24=0,"",J24/$J$47)
A25: c) | B25: ='P1'!B25 -> preencher | C25: =Custos!G35 -> preencher | D25: =Custos!D35 -> preencher | E25: =Custos!B35 -> Equipe de topografia de escritório | G25: =Custos!H35 -> mês | H25: 0.0003050556 | I25: =H25*F25 -> 0 | J25: =I25*K!$G$24 -> 0 | K25: =IF(J25=0,"",J25/$J$47)
A27: 3.2 | B27: SERVIÇOS DE SONDAGEM | J27: =SUM(J28:J31) -> 0 | K27: =SUM(K28:K31) -> 0
A28: a) | B28: ='P1'!B28 -> preencher | C28: =Custos!G27 -> preencher | D28: =Custos!D27 -> preencher | E28: =Custos!B27 -> Sondagem a percussao - mobilizacao e desmobilizacao | G28: =Custos!H27 -> unidade | H28: 1 | I28: =H28*F28 -> 0 | J28: =I28*K!$G$24 -> 0 | K28: =IF(J28=0,"",J28/$J$47)
A29: b) | B29: ='P1'!B29 -> preencher | C29: =Custos!G28 -> preencher | D29: =Custos!D28 -> preencher | E29: =Custos!B28 -> Sondagem a percussao - adicional de mobilizacao e desmobilizacao | G29: =Custos!H28 -> km | H29: 560 | I29: =H29*F29 -> 0 | J29: =I29*K!$G$24 -> 0 | K29: =IF(J29=0,"",J29/$J$47)
A30: c) | B30: ='P1'!B30 -> preencher | C30: =Custos!G29 -> preencher | D30: =Custos!D29 -> preencher | E30: =Custos!B29 -> Sondagem a percussao - instalacao por furo | G30: =Custos!H29 -> unidade | H30: 3 | I30: =H30*F30 -> 0 | J30: =I30*K!$G$24 -> 0 | K30: =IF(J30=0,"",J30/$J$47)
A31: d) | B31: ='P1'!B31 -> preencher | C31: =Custos!G30 -> preencher | D31: =Custos!D30 -> preencher | E31: =Custos!B30 -> Sondagem a percussao ø2.1/2" - perfuracao e retirada de amostras | G31: =Custos!H30 -> m | H31: 30 | I31: =H31*F31 -> 0 | J31: =I31*K!$G$24 -> 0 | K31: =IF(J31=0,"",J31/$J$47)
A33: 3.3 | B33: CADASTRO TÉCNICO DE REDES DE ESGOTAMENTO SANITÁRIO | J33: =SUM(J34:J35) -> 0 | K33: =SUM(K34:K35) -> 0
A34: a) | B34: ='P1'!B34 -> preencher | C34: =Custos!G38 -> preencher | D34: =Custos!D38 -> preencher | E34: =Custos!B38 -> Equipe de topografia de campo | G34: =Custos!H38 -> mês | H34: 0.014442343 | I34: =H34*F34 -> 0 | J34: =I34*K!$G$24 -> 0 | K34: =IF(J34=0,"",J34/$J$47)
A35: b) | B35: ='P1'!B35 -> preencher | C35: =Custos!G39 -> preencher | D35: =Custos!D39 -> preencher | E35: =Custos!B39 -> Equipe de topografia de escritório | G35: =Custos!H39 -> mês | H35: 0.0013138 | I35: =H35*F35 -> 0 | J35: =I35*K!$G$24 -> 0 | K35: =IF(J35=0,"",J35/$J$47)
A37: 3.4 | B37: ANÁLISE DE ÁGUA | J37: =SUM(J38:J39) -> 0 | K37: =SUM(K38:K39) -> 0
A38: a) | B38: =Custos!E44 -> preencher | C38: =Custos!G44 -> preencher | D38: =Custos!D44 -> preencher | E38: =Custos!B44 -> Análise fisico-química da água | G38: =Custos!H44 -> unidade | H38: 1 | I38: =H38*F38 -> 0 | J38: =(I38*K!$G$24) -> 0 | K38: =IF(J38=0,"",J38/$J$47)
A39: b) | B39: =Custos!E45 -> preencher | C39: =Custos!G45 -> preencher | D39: =Custos!D45 -> preencher | E39: =Custos!B45 -> Analise bactereologica da água | G39: =Custos!H45 -> unidade | H39: 1 | I39: =H39*F39 -> 0 | J39: =(I39*K!$G$24) -> 0 | K39: =IF(J39=0,"",J39/$J$47)
A40: 4. | B40: DESPESAS DIVERSAS | J40: =J42 -> 0 | K40: =IF(J40=0,0,J40/$J$47) -> 0
A42: 4.1 | B42: OUTRAS DESPESAS | J42: =SUM(J43:J45) -> 0 | K42: =SUM(K43:K45) -> 0
A43: a) | B43: =Custos!F47 -> - | C43: =Custos!G47 -> preencher | D43: =Custos!D47 -> preencher | E43: =Custos!B47 -> Veículo tipo pick-up 4X4 | G43: ='P1'!G43 -> R$/dia | H43: 1 | I43: =ROUND(('P1'!I43+'P3'!I43+'P2'!I43+'P4'!I43+'P5'!I43+'P6'!I43+P7a!I43+'P8'!I43),2) -> 0 | J43: =I43*K!$G$25 -> 0 | K43: =IF(J43=0,"",J43/$J$47)
A44: b) | B44: =Custos!F48 -> - | C44: =Custos!G48 -> preencher | D44: =Custos!D48 -> preencher | E44: =Custos!B48 -> Refeições | G44: ='P1'!G44 -> unidade | H44: 4 | I44: =H44*F44 -> 0 | J44: =I44*K!$G$25 -> 0 | K44: =IF(J44=0,"",J44/$J$47)
A45: c) | B45: =Custos!F49 -> - | C45: =Custos!G49 -> preencher | D45: =Custos!D49 -> preencher | E45: =Custos!B49 -> Diárias | G45: ='P1'!G45 -> unidade | H45: 4 | I45: =H45*F45 -> 0 | J45: =I45*K!$G$25 -> 0 | K45: =IF(J45=0,"",J45/$J$47)
A47: VALOR TOTAL - Inclusos K's | I47: R$ | J47: =ROUND(J6+J13+J20+J40,2) -> 0 | K47: =K6+K13+K20+K40 -> 0
A49: Observações:
A50: 1- | B50: Os K's foram calculados através de fórmulas estabelecidas pelo Acórdão 1787/2011. Os parâmetros utilizados foram estabelecidos pela Nota Técnica Conjunta nº 01/2012/SIP/SAF da Agência Nacional de Águas.
A51: 2- | B51: A remuneração horária é determinada dividindo-se o valor da remuneração mensal pela carga horária efetivamente trabalhada.
A52: 3- | B52: No valor do veículo já estão inclusos os valores de locação, gasolina, manutenção e pedágio.

Sheet CPP
A1: Custo por produto | D1: Data: | E1: ='Dados Básicos do município'!H4 -> Inserir a data
A2: Comitê: | B2: ='Dados Básicos do município'!B5 -> CBH-DOCE
A3: Município: | B3: ='Dados Básicos do município'!B6 -> Rio Piracicaba/Minas Gerais
A5: PRODUTO | D5: PERCENTUAL | E5: CUSTO (R$)
A6: Produto 1: | B6: =Cronograma!B12 -> Plano de Trabalho | D6: =IF(E6=0,0,E6/$E$15) -> 0 | E6: ='P1'!J47 -> 0
A7: Produto 2: | B7: =Cronograma!B13 -> Cadastro Técnico | D7: =IF(E7=0,0,E7/$E$15) -> 0 | E7: ='P2'!J47 -> 0
A8: Produto 3: | B8: =Cronograma!B14 -> Estudo Topográfico | D8: =IF(E8=0,0,E8/$E$15) -> 0 | E8: ='P3'!J47 -> 0
A9: Produto 4: | B9: =Cronograma!B15 -> Estudo de Concepção | D9: =IF(E9=0,0,E9/$E$15) -> 0 | E9: ='P4'!J47 -> 0
A10: Produto 5: | B10: =Cronograma!B17 -> Projeto Básico | D10: =IF(E10=0,0,E10/$E$15) -> 0 | E10: ='P5'!J47 -> 0
A11: Produto 6: | B11: =Cronograma!B18 -> Estudo Geotécnicos | D11: =IF(E11=0,0,E11/$E$15) -> 0 | E11: ='P6'!J47 -> 0
A12: Produto 7.1: | B12: =Cronograma!B16 -> Estudos Ambientais Preliminares | D12: =IF(E12=0,0,E12/$E$15) -> 0 | E12: =P7a!J47 -> 0
A13: Produto 7.2: | B13: =Cronograma!B19 -> Estudos Ambientais Consolidados | D13: =IF(E13=0,0,E13/$E$15) -> 0 | E13: =P7b!J47 -> 0
A14: Produto 8: | B14: =Cronograma!B20 -> Projeto Executivo | D14: =IF(E14=0,0,E14/$E$15) -> 0 | E14: ='P8'!J47 -> 0
C15: TOTAL | D15: =SUM(D6:D14) -> 0 | E15: =SUM(E6:E14) -> 0

Sheet Cronograma
A1: Cronograma físico-financeiro
A4: Cronograma físico-financeiro
A5: Comitê: | C5: ='Dados Básicos do município'!B5 -> CBH-DOCE
A6: Município: | C6: ='Dados Básicos do município'!B6 -> Rio Piracicaba/Minas Gerais
A8: CRONOGRAMA
A9: ETAPA PRODUTO | B9: ESPECIFICAÇÃO | D9: Repasse | E9: Percentual | F9: MÊS
F10: - | G10: 1 | M10: 2 | S10: 3
D11: R$ | E11: % | F11: - | G11: 5 | H11: 10 | I11: 15 | J11: 20 | K11: 25 | L11: 30 | M11: 35 | N11: 40 | O11: 45 | P11: 50 | Q11: 55 | R11: 60 | S11: 65 | T11: 70 | U11: 75 | V11: 80 | W11: 85 | X11: 90
A12: 1 | B12: ='P1'!C1 -> Plano de Trabalho | D12: ='P1'!J47 -> 0 | E12: =IF(D12=0,0,D12/$D$23) -> 0
A13: 2 | B13: ='P2'!C1 -> Cadastro Técnico | D13: ='P2'!J47 -> 0 | E13: =IF(D13=0,0,D13/$D$23) -> 0
A14: 3 | B14: ='P3'!C1 -> Estudo Topográfico | D14: ='P3'!J47 -> 0 | E14: =IF(D14=0,0,D14/$D$23) -> 0
A15: 4 | B15: ='P4'!C1 -> Estudo de Concepção | D15: ='P4'!J47 -> 0 | E15: =IF(D15=0,0,D15/$D$23) -> 0
A16: 7.1 | B16: =P7a!C1 -> Estudos Ambientais Preliminares | D16: =P7a!J47 -> 0 | E16: =IF(D16=0,0,D16/$D$23) -> 0
A17: 5 | B17: ='P5'!C1 -> Projeto Básico | D17: ='P5'!J47 -> 0 | E17: =IF(D17=0,0,D17/$D$23) -> 0
A18: 6 | B18: ='P6'!C1 -> Estudo Geotécnicos | D18: ='P6'!J47 -> 0 | E18: =IF(D18=0,0,D18/$D$23) -> 0
A19: 7.2 | B19: =P7b!C1 -> Estudos Ambientais Consolidados | D19: =P7b!J47 -> 0 | E19: =IF(D19=0,0,D19/$D$23) -> 0
A20: 8 | B20: ='P8'!C1 -> Projeto Executivo | D20: ='P8'!J47 -> 0 | E20: =IF(D20=0,0,D20/$D$23) -> 0
A21: - | B21: Finalização Contratual | D21: -
A23: TOTAL GERAL | D23: =SUM(D12:D22) -> 0 | E23: =ROUND(SUM(E12:E22),2) -> 0
A25: LEGENDA:
C26: Emissão da Ordem de Serviço | I26: Análise da versão final do produto
C27: Elaboração do produto e entrega da minuta | I27: Período para pagamento
C28: Análise e revisão do produto | I28: Finalização contratual interna
C29: Correção e entrega versão final do produto
